 Dungeon Crawl Stone Soup version 0.30.0-10-gfe55d96785 (webtiles) character file.

Game seed: 5322241920483629383

309486 qw the Peltast (level 21, -7/139 HPs)
             Began as a Gargoyle Cinder Acolyte on May 17, 2023.
             Was a High Priest of Okawaru.
             Splashed by an acid blob's acid (9 damage)
             ... summoned by a demonspawn corrupter
             ... in a wizard's laboratory.
             The game lasted 00:22:44 (39524 turns).

qw the Peltast (Gargoyle Cinder Acolyte)           Turns: 39524, Time: 00:22:44

Health: -7/139     AC: 24    Str: 44    XL:     21   Next: 60%
Magic:  37/37      EV: 17    Int: 13    God:    Okawaru [*****.]
Gold:   1108       SH: 21    Dex: 15    Spells: 22/22 levels left

rFire   + . .        Y - +1 broad axe (elec)
rCold   . . .        u - +0 tower shield
rNeg    + . .        a - +4 plate armour of Zeaxtan {rF- Str+5 Stlth+}
rPois   inf          z - +0 hat "Baug" {rF+ Will+}
rElec   +            v - +1 cloak of Starlight {*Dazzle EV+4 Stlth--}
rCorr   .            o - +4 pair of gloves "Ceshrow" {-Cast Str+3 SInv}
SInv    +            d - +1 pair of boots
Will    ++...        (no amulet)
Stlth   x              - ring "Juteomn" {Str+6 Dex+3}
HPRegen 0.43/turn    f - ring of Eternal Harmony {rF+ MP+9 Slay+4}
MPRegen 0.25/turn

%: no spellcasting
@: about to teleport, corroded, flying
A: sickness immunity, AC +16, big wings, negative energy resistance 1,
electricity resistance, torment resistance 1, petrification resistance, agile 2,
strong 1
}: 1/15 runes: barnacled
a: Renounce Religion, Heroism, Finesse, Duel


You were in a wizard's laboratory.
You worshipped Okawaru.
Okawaru was extremely pleased with you.
You visited 6 branches of the dungeon, and saw 33 of its levels.
You also visited: Wizlab.

You collected 4107 gold pieces.
You spent 2999 gold pieces at shops.


Innate Abilities, Weirdness & Mutations

You are immune to sickness and miasma.
Your stone body is resilient. (AC +16)
You are immune to poison.
Your large and strong wings let you fly.
You resist negative energy. (rN+)
You are resistant to electric shocks. (rElec)
You are resistant to unholy torment.
You are immune to petrification.
You are very agile. (Dex +8, Str/Int -2)
Your muscles are strong. (Str +4, Int/Dex -1)


   Skills:
 - Level 17.1 Fighting
 - Level 18.0 Axes
 + Level 9.1 Throwing
 - Level 16.0 Armour
 - Level 9.0 Dodging
 - Level 19.3 Shields
 - Level 1.0 Spellcasting
 - Level 3.0 Fire Magic
 - Level 10.0 Invocations


You had 22 spell levels left.
You didn't know any spells.
Your spell library contained the following spells:

 Spells                   Type           Power      Damage    Failure   Level
 Scorch                   Fire           16%        2d5       47%         2

Inventory:

Hand Weapons
 Y - a +1 broad axe of electrocution (weapon)
Missiles
 j - 39 boomerangs
 y - 5 javelins
 C - 4 silver boomerangs
 D - a boomerang of dispersal
 E - a silver javelin (quivered)
Armour
 a - the +4 plate armour of Zeaxtan (worn) {rF- Str+5 Stlth+}
   (You acquired it on level 6 of the Dungeon)

   Str:       It affects your strength (+5).
   rF:        It makes you vulnerable to fire.
   Stlth:     It makes you more stealthy.
 d - a +1 pair of boots (worn)
 n - a +2 plate armour of cold resistance
 o - the +4 pair of gloves "Ceshrow" (worn) {-Cast Str+3 SInv}
   (You acquired it on level 13 of the Dungeon)

   Str:       It affects your strength (+3).
   SInv:      It lets you see invisible.
   -Cast:     It prevents spellcasting.
 t - a +2 helmet
 u - a +0 tower shield (worn)
 v - the +1 cloak of Starlight (worn) {*Dazzle EV+4 Stlth--}
   (You found it on level 1 of the Shoals)

   *Dazzle:   It may blind those who miss an attack against the wearer in melee
   combat.
   EV:        It affects your evasion (+4).
   Stlth:     It makes you much less stealthy.
 z - the +0 hat "Baug" (worn) {rF+ Will+}
   (Okawaru gifted it to you on level 3 of the Shoals)

   rF:        It protects you from fire.
   Will:      It increases your willpower.
 A - a +1 plate armour of fire resistance
Jewellery
 e - the amulet of Beogh's Righteous Fury {Faith rElec rF- rN++ Str+2}
   (You bought it in a shop on level 2 of the Orcish Mines)

   [amulet of faith]

   It allows you to gain divine favour quickly.
   Str:       It affects your strength (+2).
   rF:        It makes you vulnerable to fire.
   rElec:     It insulates you from electricity.
   rN:        It greatly protects you from negative energy.
 f - the ring of Eternal Harmony (right hand) {rF+ MP+9 Slay+4}
   (You found it on level 4 of the Dungeon)

   [ring of slaying]

   Slay:      It affects your accuracy & damage with ranged weapons and melee
   (+4).
   rF:        It protects you from fire.
   MP:        It affects your magic capacity (+9).
 p - a ring of protection from fire
 x - the ring "Juteomn" (left hand) {Str+6 Dex+3}
   (You found it on level 9 of the Dungeon)

   [ring of strength]

   Str:       It affects your strength (+6).
   Dex:       It affects your dexterity (+3).
Wands
 k - a wand of digging (6)
Scrolls
 b - 27 scrolls of identify
 h - 14 scrolls of teleportation
Potions
 c - 6 potions of haste
 i - 2 potions of resistance
 m - 6 potions of might
 q - 5 potions of heal wounds
 r - 5 potions of mutation
 s - 10 potions of curing
 w - 2 potions of magic
 B - 3 potions of cancellation

Dungeon Overview and Level Annotations

Branches:
Dungeon (15/15)            Temple (0/1) D:7            Lair (5/5) D:11
 Shoals (4/4) Lair:3        Snake (3/4) Lair:3        Slime (0/5) Lair:5
    Orc (2/2) D:12            Elf (0/3) Orc:2        Vaults (4/5) D:14
  Crypt (0/3) Vaults:2     Depths (0/4) D:15         WizLab (1/1)

Altars:
Elyvilon
Fedhas
Gozag
Kikubaaqudgha
Okawaru
Ru
Jiyva

Shops:
D:2 =   D:4 ?[[[   D:14 [?([   Orc:2 (*!?=   Shoals:1 *   Shoals:3 ?
Shoals:4 *!   Snake:3 *

Annotations:
D:11 1 runed translucent door
Shoals:1 3 runed translucent doors
Shoals:2 1 transporter, finalsalamander's ghost, adept HOMo
Orc:2 3 runed translucent doors, Segg's ghost, adept GnSk
Vaults:3 1 runed translucent door, Yjimoseergh's ghost, adept SpFE


Message History

The splash of acid misses you.
The demonspawn corrupter invokes the aid of Lugonu against you.
The entropic weave corrodes you!
The demonspawn corrupter calls forth creatures from the Tomb of the Ancients!
39522 ||| READING 15 scrolls of teleportation.
As you read the scroll of teleportation, it crumbles to dust.
You feel strangely unstable.
You feel like a meek peon again. The acid blob spits acid at you.
The splash of acid hits you but does no damage.
The acid corrodes you! The acid blob hits you.
You are splashed with acid.
The demonspawn corrupter hits you from afar with a +0 glaive!
39523 ||| DRINKING 7 potions of heal wounds.
You feel much better. The acid blob hits you!!
You are splashed with acid!
The acid blob spits acid at you. The splash of acid misses you.
The mummy priest calls on the powers of darkness!
The acid blob convulses!
The sphinx convulses!
The acid blob convulses!
Your body is wracked with pain!
The demonspawn corrupter invokes the aid of Lugonu against you.
The entropic weave corrodes you!
You block the demonspawn corrupter's attack.
The revenant conjures spectral mists around you.
The spectral mist engulfs the acid blob but does no damage.
The sphinx is engulfed in spectral mist.
39524 ||| DRINKING 6 potions of heal wounds.
You feel much better.
You are engulfed in spectral mist.
The acid blob is engulfed in spectral mist.
The acid blob spits acid at you. You block the splash of acid.
The acid blob is engulfed in spectral mist.
You block the acid blob's attack.
The demonspawn corrupter is engulfed in spectral mist.
The demonspawn corrupter hits you from afar with a +0 glaive!
The mummy priest utters an invocation to its god.
The acid blob is engulfed in spectral mist.
The acid blob hits you!!
You are splashed with acid!
You die...

#...!'....#
#..!)#....# #...)#
...# ####'####+##
#...!.... #.).....6
#)########(
##########.0¤880...(
#........'.¤@Jz6....
#..~~~~..'.¤8J6.M...
#.~~~~)~.#(.0HM.....
#.~~~~)~.#.....4!...
#..~~~~.(#...$$$$..8
#..).....#..¤¤$¤$...
7##'#######...$¤$$...
. 7.....# #...$$$$...
..777....# #.........


You could see 2 acid blobs, 2 demonspawn corrupters, a sphinx (summoned), a
revenant (summoned), 2 mummy priests and a chaos spawn (summoned).

Vanquished Creatures
  Xtahua (Vaults:2)
  Jorgrun (D:15)
  Polyphemus (Shoals:2)
  2 sphinxes
  Frances (D:13)
  An acid blob (WizLab)
  Kirke (D:15)
  A nagaraja (Snake:3)
  A shadow dragon (Vaults:3)
  Ilsuiw (Shoals:4)
  11 vault wardens
  2 deep elf sorcerers (WizLab)
  Aizul (Snake:3)
  12 ironbound preservers
  A demonspawn corrupter (WizLab)
  2 stone giants
  3 very ugly things
  6 ironbound thunderhulks
  A vampire knight (Vaults:2)
  A dire elephant (Vaults:1)
  Snorg (D:11)
  5 merfolk javelineers (Shoals:4)
  3 entropy weavers
  2 fire dragons (D:15)
  A crystal guardian (Vaults:3)
  2 deep elf high priests (WizLab)
  11 yaktaur captains
  Fannar (Lair:2)
  6 merfolk impalers
  11 vault guards
  A peacekeeper (Vaults:3)
  A salamander tyrant (Snake:2)
  An ice dragon (D:15)
  A catoblepas (Shoals:2)
  Erolcha (D:13)
  5 great orbs of eyes
  4 ironbound frosthearts
  5 hydras
  4 two-headed ogres
  8 centaur warriors
  3 merfolk avatars
  4 boulder beetles
  9 merfolk aquamancers
  5 anacondas
  8 naga warriors
  3 satyrs
  3 death yaks (Shoals:2)
  3 tengu warriors
  Urug (Lair:2)
  A deep troll earth mage (Vaults:4)
  12 naga sharpshooters
  5 shock serpents
  3 orc high priests (Orc:2)
  Sonja (Orc:1)
  9 skysharks
  3 skeletal warriors (D:14)
  A shadow wraith (Vaults:4)
  A glowing orange brain (Vaults:3)
  21 sea snakes
  4 naga ritualists
  12 ironbound convokers
  8 lindwurms
  23 deep trolls
  11 wizards
  Pikel (D:8)
  2 necromancers
  2 deep elf pyromancers
  10 mana vipers
  26 harpies
  5 orc knights
  7 orc sorcerers
  A stone giant zombie (Vaults:3)
  An oklob plant (D:11)
  A frost giant zombie (Vaults:3)
  15 fauns
  16 ugly things
  7 salamanders
  17 manticores
  7 cyclopes
  4 worldbinders (WizLab)
  14 naga magi
  3 guardian serpents
  33 black mambas
  13 vault sentinels
  A gargoyle (D:12)
  12 merfolk sirens
  5 water nymphs
  17 elephants
  A torpor snail (Lair:4)
  9 cane toads
  An unseen horror (D:12)
  3 rime drakes
  9 komodo dragons
  25 yaktaurs
  A tengu conjurer (D:15)
  A tengu simulacrum (Vaults:3)
  31 merfolk
  7 trolls
  12 wind drakes
  7 polar bears
  3 meliai (D:14)
  2 tarantellas
  A hornet (Lair:5)
  24 blink frogs
  18 snapping turtles
  7 dream sheep (Lair:5)
  Prince Ribbit (D:9)
  2 shadows
  A jumping spider (shapeshifter) (D:13)
  19 slime creatures
  A wyvern (D:8)
  A culicivora (Vaults:4)
  3 vampires (Vaults:2)
  2 wraiths
  A culicivora (shapeshifter) (D:15)
  17 water elementals
  54 yaks
  Eustachio (D:4)
  3 hogs (D:15)
  3 redbacks
  Grum (D:11)
  6 fire elementals
  3 humans
  5 basilisks
  4 golden eyes (WizLab)
  4 steam dragons
  15 vampire mosquitoes
  A human simulacrum (Vaults:3)
  33 nagas
  4 acid dragons
  A warg (Orc:2)
  15 water moccasins
  A floating eye (WizLab)
  Duvessa (D:7)
  A black bear (D:6)
  3 ice beasts
  26 orc warriors
  A sky beast (D:7)
  14 wolves
  5 ogres
  4 boggarts (Vaults:1)
  7 centaurs
  3 lemures (D:8)
  2 kobold brigands (D:7)
  A phantom (D:6)
  A gnoll sergeant (D:7)
  15 bullfrogs
  2 scorpions
  13 wights
  A glowing shapeshifter simulacrum (Vaults:3)
  Dowan (D:7)
  9 killer bees
  An electric eel (Lair:2)
  3 howler monkeys
  5 jellies
  17 orc priests
  2 gnoll boudas
  2 hounds
  Ijyb (D:4)
  2 iguanas
  A sleepcap (D:6)
  4 hell rats (Lair:1)
  31 orc wizards
  13 gnolls
  6 adders
  3 white imps
  3 dart slugs
  97 orcs
  6 bats
  14 endoplasms
  5 giant cockroaches
  5 goblins
  11 hobgoblins
  A jackal (D:2)
  16 kobolds
  5 quokkas
  8 ball pythons
  5 frilled lizards
  3 rats
1243 creatures vanquished.

Vanquished Creatures (others)
  A cyclops (D:10)
  A slime creature (D:10)
  A water elemental (Shoals:2)
  A golden eye (shapeshifter) (D:10)
  A vampire mosquito (D:12)
5 creatures vanquished.

Grand Total: 1248 creatures vanquished

Notes
Turn   | Place    | Note
-------+----------+-------------------------------------------
     0 | D:1      | qw the Gargoyle Cinder Acolyte began the quest for the Orb.
     0 | D:1      | Reached XP level 1. HP: 14/14 MP: 2/2
     0 | D:1      | 0 ||| qw: Version: 0.2-a-95-g4c1bab1
     0 | D:1      | 0 ||| qw: Game counter: 166
     0 | D:1      | 0 ||| qw: Always use a shield: true
     0 | D:1      | 0 ||| qw: God list: Okawaru
     0 | D:1      | 0 ||| qw: Allow faded altars: false
     0 | D:1      | 0 ||| qw: Do Orc after D:15 true
     0 | D:1      | 0 ||| qw: Do second Lair branch before Depths: true
     0 | D:1      | 0 ||| qw: Lair rune preference: random
     0 | D:1      | 0 ||| qw: Plans: Normal
     0 | D:1      | 0 ||| PLANNING D:1-11
    66 | D:1      | Reached skill level 3 in Axes
   111 | D:1      | Reached XP level 2. HP: 9/19 MP: 3/3
   111 | D:1      | 111 ||| INVOKING Fiery Armour.
   120 | D:1      | 120 ||| Stepping ~*~*~tactically~*~*~ (stealth).
   121 | D:1      | 121 ||| Stepping ~*~*~tactically~*~*~ (stealth).
   122 | D:1      | 122 ||| Stepping ~*~*~tactically~*~*~ (stealth).
   264 | D:1      | 264 ||| Stepping ~*~*~tactically~*~*~ (stealth).
   540 | D:1      | 540 ||| Stepping ~*~*~tactically~*~*~ (hiding).
   544 | D:1      | 544 ||| Stepping ~*~*~tactically~*~*~ (hiding).
   554 | D:1      | Reached XP level 3. HP: 20/23 MP: 4/4
   609 | D:1      | 609 ||| UPGRADING to +0 scale mail.
   619 | D:1      | 619 ||| DROPPING +0 robe.
   620 | D:1      | 620 ||| UPGRADING to ring of positive energy.
   621 | D:1      | 621 ||| READING scroll labelled YPRUPL ZEKLARGH.
   622 | D:1      | 622 ||| READING scroll labelled UNIHOEQONO.
   623 | D:1      | 623 ||| READING scroll labelled KOWIRPHAQEXT.
   624 | D:1      | 624 ||| READING 5 scrolls labelled AMALAMUEST.
   627 | D:1      | 627 ||| DRINKING 2 inky potions.
   796 | D:2      | Reached skill level 1 in Armour
   797 | D:2      | 797 ||| Stepping ~*~*~tactically~*~*~ (stealth).
   804 | D:2      | 804 ||| Stepping ~*~*~tactically~*~*~ (stealth).
   810 | D:2      | 810 ||| Stepping ~*~*~tactically~*~*~ (stealth).
   811 | D:2      | 811 ||| Stepping ~*~*~tactically~*~*~ (stealth).
   812 | D:2      | 812 ||| Stepping ~*~*~tactically~*~*~ (stealth).
   953 | D:2      | 953 ||| INVOKING Fiery Armour.
  1022 | D:2      | Reached XP level 4. HP: 28/28 MP: 5/5
  1101 | D:2      | Found a faded altar of an unknown god.
  1288 | D:2      | Found Niunuq's Jewellery Emporium.
  1296 | D:2      | 1296 ||| SHOPLISTING +4 ring of protection (396 gold, have
                  | 85).
  1296 | D:2      | 1296 ||| SHOPLISTING +5 ring of evasion (396 gold, have
                  | 85).
  1296 | D:2      | 1296 ||| SHOPLISTING +6 ring of dexterity (396 gold, have
                  | 85).
  1296 | D:2      | 1296 ||| SHOPLISTING amulet of Harchu {Spirit rPois MP+9}
                  | (661 gold, have 85).
  1296 | D:2      | 1296 ||| SHOPLISTING ring of ice (275 gold, have 85).
  1296 | D:2      | 1296 ||| SHOPLISTING ring of protection from fire (275
                  | gold, have 85).
  1296 | D:2      | 1296 ||| SHOPLISTING ring of resist corrosion (220 gold,
                  | have 85).
  1532 | D:2      | 1532 ||| Stepping ~*~*~tactically~*~*~ (stealth).
  1534 | D:2      | 1534 ||| Stepping ~*~*~tactically~*~*~ (stealth).
  1549 | D:2      | 1549 ||| Stepping ~*~*~tactically~*~*~ (stealth).
  1551 | D:2      | 1551 ||| Stepping ~*~*~tactically~*~*~ (stealth).
  1591 | D:2      | 1591 ||| Stepping ~*~*~tactically~*~*~ (stealth).
  1595 | D:2      | 1595 ||| Stepping ~*~*~tactically~*~*~ (stealth).
  1599 | D:2      | 1599 ||| Stepping ~*~*~tactically~*~*~ (stealth).
  1703 | D:2      | 1703 ||| UPGRADING to +0 chain mail.
  1713 | D:2      | 1713 ||| DROPPING +0 scale mail.
  1714 | D:2      | 1714 ||| DROPPING ring of flight.
  1715 | D:2      | 1715 ||| READING 2 scrolls labelled QASIME BIOSIL.
  1716 | D:2      | 1716 ||| READING scroll labelled PEZADAYNACK.
  1717 | D:2      | 1717 ||| READING scroll labelled EKOTOU DOWU.
  1718 | D:2      | 1718 ||| READING scroll labelled XIQITIESEU.
  1719 | D:2      | 1719 ||| READING scroll labelled YSOETW PIRU.
  1720 | D:2      | 1720 ||| DROPPING scroll of immolation.
  2141 | D:3      | 2141 ||| Stepping ~*~*~tactically~*~*~ (stealth).
  2157 | D:3      | Reached XP level 5. HP: 30/32 MP: 6/6
  2172 | D:3      | Found a white marble altar of Elyvilon.
  2173 | D:3      | 2173 ||| UPGRADING to +0 pair of gloves.
  2274 | D:3      | 2274 ||| Stepping ~*~*~tactically~*~*~ (stealth).
  2277 | D:3      | 2277 ||| READING scroll labelled FIELIG RUUF.
  2325 | D:3      | 2325 ||| READING scroll of enchant weapon.
  2325 | D:3      | 2325 ||| ENCHANTING +0 hand axe of flaming.
  2406 | D:3      | Found an ancient bone altar of Kikubaaqudgha.
  2412 | D:3      | HP: 5/32 [orc priest/divine providence (12)]
  2413 | D:3      | 2413 ||| READING 4 scrolls of teleportation.
  2414 | D:3      | 2414 ||| DRINKING potion of heal wounds.
  2475 | D:3      | 2475 ||| SWAPPING to +0 war axe.
  2550 | D:3      | 2550 ||| DRINKING 2 viscous orange potions.
  2610 | D:4      | Identified the ring of Eternal Harmony {rF+ MP+9 Slay+4}
  2740 | D:4      | Found Ifala's Magic Scroll Emporium.
  2758 | D:4      | 2758 ||| BUYING scroll of enchant armour (90 gold).
  2758 | D:4      | Bought a scroll of enchant armour for 90 gold pieces
  2758 | D:4      | 2758 ||| BUYING scroll of identify (24 gold).
  2758 | D:4      | Bought a scroll of identify for 24 gold pieces
  2758 | D:4      | 2758 ||| BUYING scroll of identify (24 gold).
  2758 | D:4      | Bought a scroll of identify for 24 gold pieces
  2758 | D:4      | 2758 ||| SHOPLISTING scroll of teleportation (36 gold, have
                  | 23).
  2758 | D:4      | 2758 ||| READING scroll of enchant armour.
  2758 | D:4      | 2758 ||| ENCHANTING +0 pair of gloves.
  2763 | D:4      | Found Hitheiv's Antique Armour Emporium.
  2773 | D:4      | 2773 ||| SHOPLISTING helmet (103 gold, have 23).
  2773 | D:4      | 2773 ||| SHOPLISTING plate armour (529 gold, have 23).
  2810 | D:4      | Noticed Ijyb
  2831 | D:4      | Killed Ijyb
  2832 | D:4      | Reached skill level 1 in Throwing
  2832 | D:4      | Reached XP level 6. HP: 20/37 MP: 7/7
  2901 | D:4      | Noticed Eustachio
  2910 | D:4      | 2910 ||| INVOKING Fiery Armour.
  2916 | D:4      | Killed Eustachio
  2974 | D:4      | 2974 ||| UPGRADING to ring of Eternal Harmony {rF+ MP+9
                  | Slay+4}.
  3028 | D:4      | 3028 ||| Stepping ~*~*~tactically~*~*~ (stealth).
  3035 | D:4      | 3035 ||| DRINKING 2 murky inky potions.
  3036 | D:4      | 3036 ||| READING 4 scrolls of identify.
  3036 | D:4      | 3036 ||| IDENTIFYING grey potion
  3037 | D:4      | 3037 ||| READING 3 scrolls of identify.
  3037 | D:4      | 3037 ||| IDENTIFYING fuming cyan potion
  3038 | D:4      | 3038 ||| READING 2 scrolls of identify.
  3038 | D:4      | 3038 ||| IDENTIFYING dark potion
  3039 | D:4      | 3039 ||| DROPPING potion of magic.
  3040 | D:4      | 3040 ||| DROPPING potion of ambrosia.
  3041 | D:4      | 3041 ||| DROPPING potion of flight.
  3075 | D:4      | Noticed a water moccasin
  3087 | D:4      | 3087 ||| INVOKING Fiery Armour.
  3087 | D:4      | Killed a water moccasin
  3088 | D:4      | Reached XP level 7. HP: 22/44 MP: 8/8
  3175 | D:4      | 3175 ||| Stepping ~*~*~tactically~*~*~ (hiding).
  3306 | D:4      | Found Ogouk's Antique Armour Boutique.
  3310 | D:4      | 3310 ||| SHOPLISTING embroidered hat (238 gold, have 23).
  3310 | D:4      | 3310 ||| SHOPLISTING runed scale mail (238 gold, have 23).
  3310 | D:4      | 3310 ||| SHOPLISTING tower shield (153 gold, have 23).
  3379 | D:4      | Found Voekh's Antique Armour Shop.
  3387 | D:4      | 3387 ||| SHOPLISTING helmet (112 gold, have 29).
  3843 | D:4      | 3843 ||| DRINKING 2 bubbling inky potions.
  3843 | D:4      | Gained mutation: You are frail. (-10% HP) [potion of
                  | mutation]
  3843 | D:4      | Gained mutation: Your muscles are strong. (Str +4, Int/Dex
                  | -1) [potion of mutation]
  3843 | D:4      | Gained mutation: Your body sometimes deteriorates upon
                  | taking damage. [potion of mutation]
  3843 | D:4      | Gained mutation: You are agile. (Dex +4, Str/Int -1)
                  | [potion of mutation]
  3844 | D:4      | 3844 ||| DRINKING potion of mutation.
  3844 | D:4      | Lost mutation: Your body sometimes deteriorates upon taking
                  | damage. [potion of mutation]
  3844 | D:4      | Lost mutation: You are frail. (-10% HP) [potion of
                  | mutation]
  3844 | D:4      | Gained mutation: You are very agile. (Dex +8, Str/Int -2)
                  | [potion of mutation]
  3869 | D:5      | Entered Level 5 of the Dungeon
  3935 | D:5      | 3935 ||| INVOKING Fiery Armour.
  3936 | D:5      | Reached skill level 1 in Dodging
  3940 | D:5      | Reached skill level 6 in Axes
  3944 | D:5      | Reached skill level 3 in Armour
  3971 | D:5      | 3971 ||| STAIRDANCE
  3996 | D:4      | 3996 ||| Stepping ~*~*~tactically~*~*~ (stealth).
  4004 | D:4      | Reached XP level 8. HP: 31/48 MP: 9/9
  4115 | D:4      | Found a blossoming altar of Fedhas.
  4769 | D:5      | 4769 ||| DRINKING 2 puce potions.
  4770 | D:5      | 4770 ||| DROPPING potion of brilliance.
  4797 | D:6      | 4797 ||| Stepping ~*~*~tactically~*~*~ (stealth).
  4863 | D:6      | 4863 ||| INVOKING Fiery Armour.
  4880 | D:6      | Reached skill level 6 in Fighting
  4886 | D:6      | 4886 ||| Stepping ~*~*~tactically~*~*~ (stealth).
  5019 | D:6      | Reached XP level 9. HP: 52/55 MP: 10/10
  5054 | D:6      | 5054 ||| Stepping ~*~*~tactically~*~*~ (stealth).
  5058 | D:6      | 5058 ||| Stepping ~*~*~tactically~*~*~ (hiding).
  5079 | D:6      | 5079 ||| INVOKING Fiery Armour.
  5210 | D:6      | 5210 ||| Stepping ~*~*~tactically~*~*~ (stealth).
  5236 | D:6      | Found an iron altar of Okawaru.
  5386 | D:6      | 5386 ||| DRINKING potion of curing.
  5386 | D:6      | 5386 ||| (to cure confusion)
  5402 | D:6      | Reached skill level 9 in Axes
  5448 | D:6      | Identified the +3 robe of the Orb {Harm *Corrode Dex-2
                  | SInv}
  5798 | D:6      | 5798 ||| UPGRADING to +0 helmet.
  5803 | D:6      | 5803 ||| READING scroll labelled LIAGAS LU DEH.
  5803 | D:6      | Identified a scroll of acquirement
  5803 | D:6      | 5803 ||| ACQUIRING +4 plate armour of Zeaxtan {rF- Str+5
                  | Stlth+}
  5803 | D:6      | Acquired the +4 plate armour of Zeaxtan {rF- Str+5 Stlth+}
  5805 | D:6      | 5805 ||| UPGRADING to +4 plate armour of Zeaxtan {rF- Str+5
                  | Stlth+}.
  5815 | D:6      | 5815 ||| DROPPING +0 chain mail.
  5816 | D:6      | 5816 ||| READING scroll labelled BUSILUNKOSCH.
  6116 | D:7      | 6116 ||| Stepping ~*~*~tactically~*~*~ (hiding).
  6285 | D:7      | 6285 ||| INVOKING Fiery Armour.
  6367 | D:7      | You fall into a shaft and drop 3 floors!
  6367 | D:10     | Entered Level 10 of the Dungeon
  6388 | D:10     | 6388 ||| DRINKING 2 lumpy clear potions.
  6428 | D:10     | 6428 ||| DROPPING potion of lignification.
  6438 | D:9      | 6438 ||| Stepping ~*~*~tactically~*~*~ (hiding).
  6442 | D:9      | 6442 ||| INVOKING Fiery Armour.
  6445 | D:9      | Reached skill level 6 in Armour
  6696 | D:8      | 6696 ||| INVOKING Fiery Armour.
  6817 | D:8      | Noticed a two-headed ogre
  6825 | D:8      | Killed a two-headed ogre
  6826 | D:8      | Reached XP level 10. HP: 47/63 MP: 11/11
  6934 | D:7      | 6934 ||| Stepping ~*~*~tactically~*~*~ (stealth).
  6936 | D:7      | 6936 ||| Stepping ~*~*~tactically~*~*~ (hiding).
  6945 | D:7      | 6945 ||| Stepping ~*~*~tactically~*~*~ (hiding).
  7078 | D:7      | Found a staircase to the Ecumenical Temple.
  7158 | D:7      | 7158 ||| Stepping ~*~*~tactically~*~*~ (hiding).
  7161 | D:7      | 7161 ||| Stepping ~*~*~tactically~*~*~ (hiding).
  7229 | D:7      | Noticed Dowan
  7230 | D:7      | 7230 ||| Stepping ~*~*~tactically~*~*~ (hiding).
  7235 | D:7      | Noticed Duvessa
  7240 | D:7      | Killed Dowan
  7248 | D:7      | Killed Duvessa
  7333 | D:7      | 7333 ||| READING scroll of enchant weapon.
  7333 | D:7      | 7333 ||| ENCHANTING +0 war axe.
  7634 | D:7      | 7634 ||| UPGRADING to +0 buckler.
  7639 | D:7      | 7639 ||| UPGRADING to +1 helmet.
  7649 | D:7      | 7649 ||| DROPPING +0 helmet.
  7650 | D:7      | 7650 ||| UPGRADING to ring of willpower.
  7652 | D:7      | 7652 ||| READING 2 scrolls of identify.
  7652 | D:7      | 7652 ||| IDENTIFYING bubbling ruby potion
  7696 | D:8      | 7696 ||| READING scroll of enchant armour.
  7696 | D:8      | 7696 ||| ENCHANTING +1 pair of gloves.
  7705 | D:8      | Reached skill level 1 in Shields
  7711 | D:8      | Identified the +0 ring mail of the Armoured One {rF+++ MP+9
                  | Str+3 Int-4}
  7764 | D:8      | Noticed Pikel
  7777 | D:8      | Reached skill level 2 in Shields
  7782 | D:8      | Killed Pikel
  7783 | D:8      | Reached skill level 4 in Shields
  7784 | D:8      | 7784 ||| Stepping ~*~*~tactically~*~*~ (stealth).
  7788 | D:8      | 7788 ||| INVOKING Fiery Armour.
  8028 | D:8      | Reached skill level 5 in Shields
  8127 | D:8      | 8127 ||| Stepping ~*~*~tactically~*~*~ (hiding).
  8477 | D:8      | 8477 ||| READING scroll labelled MOSUAZ EMUFY.
  8478 | D:8      | 8478 ||| DRINKING 2 fuming brown potions.
  8496 | D:9      | 8496 ||| Stepping ~*~*~tactically~*~*~ (stealth).
  8498 | D:9      | 8498 ||| Stepping ~*~*~tactically~*~*~ (hiding).
  8526 | D:9      | Found a sacrificial altar of Ru.
  8533 | D:9      | Noticed Prince Ribbit
  8536 | D:9      | Killed Prince Ribbit
  8619 | D:9      | 8619 ||| Stepping ~*~*~tactically~*~*~ (stealth).
  8620 | D:9      | 8620 ||| Stepping ~*~*~tactically~*~*~ (stealth).
  8624 | D:9      | 8624 ||| Stepping ~*~*~tactically~*~*~ (stealth).
  8626 | D:9      | 8626 ||| Stepping ~*~*~tactically~*~*~ (stealth).
  8762 | D:9      | Identified the ring "Juteomn" {Str+6 Dex+3}
  8778 | D:9      | Found an opulent altar of Gozag.
  8854 | D:9      | 8854 ||| Stepping ~*~*~tactically~*~*~ (stealth).
  8855 | D:9      | 8855 ||| Stepping ~*~*~tactically~*~*~ (hiding).
  8874 | D:9      | Reached XP level 11. HP: 69/69 MP: 12/12
  8884 | D:9      | 8884 ||| Stepping ~*~*~tactically~*~*~ (stealth).
  8887 | D:9      | 8887 ||| INVOKING Fiery Armour.
  8895 | D:9      | Reached skill level 9 in Fighting
  8939 | D:9      | 8939 ||| Stepping ~*~*~tactically~*~*~ (hiding).
  9116 | D:9      | 9116 ||| Stepping ~*~*~tactically~*~*~ (stealth).
  9118 | D:9      | 9118 ||| Stepping ~*~*~tactically~*~*~ (stealth).
  9124 | D:9      | 9124 ||| Stepping ~*~*~tactically~*~*~ (stealth).
  9326 | D:9      | 9326 ||| UPGRADING to +0 pair of boots.
  9331 | D:9      | 9331 ||| DROPPING ring of ice.
  9332 | D:9      | 9332 ||| DROPPING ring of positive energy.
  9333 | D:9      | 9333 ||| UPGRADING to ring "Juteomn" {Str+6 Dex+3}.
  9335 | D:9      | 9335 ||| DROPPING ring of willpower.
  9336 | D:9      | 9336 ||| DRINKING 2 fuming grey potions.
  9337 | D:9      | 9337 ||| READING 4 scrolls of identify.
  9337 | D:9      | 9337 ||| IDENTIFYING metallic pink potion
  9338 | D:9      | 9338 ||| READING 3 scrolls of identify.
  9338 | D:9      | 9338 ||| IDENTIFYING coppery potion
  9339 | D:9      | 9339 ||| DROPPING potion of attraction.
  9340 | D:9      | 9340 ||| DROPPING potion of degeneration.
  9406 | D:10     | 9406 ||| READING scroll of brand weapon.
  9406 | D:10     | 9406 ||| BRANDING +1 war axe of freezing.
  9438 | D:10     | Noticed a centaur warrior
  9438 | D:10     | Noticed a catoblepas
  9439 | D:10     | Noticed a two-headed ogre
  9445 | D:10     | 9445 ||| INVOKING Fiery Armour.
  9446 | D:10     | Noticed a cyclops
  9447 | D:10     | Killed a two-headed ogre
  9448 | D:10     | Reached skill level 3 in Throwing
  9463 | D:10     | Noticed a deep elf pyromancer
  9467 | D:10     | Noticed a red ugly thing
  9611 | D:10     | 9611 ||| PLANNING OKAWARU WORSHIP
  9730 | D:6      | Fell from the grace of Ignis
  9730 | D:6      | Became a worshipper of Warmaster Okawaru
  9731 | D:6      | 9731 ||| PLANNING D:1-11
  9822 | D:10     | Killed a cyclops
  9840 | D:10     | 9840 ||| DRINKING potion of curing.
  9840 | D:10     | 9840 ||| (to cure confusion)
  9985 | D:10     | Noticed a tengu warrior
  9985 | D:10     | Noticed a tengu warrior
 10002 | D:10     | Killed a tengu warrior
 10003 | D:10     | Reached skill level 3 in Dodging
 10004 | D:10     | HP: 14/71 [tengu warrior/+0 great sword (8)]
 10005 | D:10     | 10005 ||| READING 6 scrolls of teleportation.
 10006 | D:10     | 10006 ||| DRINKING 2 potions of heal wounds.
 10282 | D:10     | 10282 ||| Stepping randomly (disturbance).
 10753 | D:10     | Killed a tengu warrior
 10753 | D:10     | Reached * piety under Okawaru
 11173 | D:11     | 11173 ||| STAIRDANCE
 11179 | D:10     | Reached skill level 1 in Invocations
 11221 | D:11     | 11221 ||| Stepping ~*~*~tactically~*~*~ (stealth).
 11226 | D:11     | 11226 ||| Stepping ~*~*~tactically~*~*~ (hiding).
 11228 | D:11     | 11228 ||| Stepping ~*~*~tactically~*~*~ (hiding).
 11232 | D:11     | 11232 ||| Stepping ~*~*~tactically~*~*~ (hiding).
 11239 | D:11     | Noticed Grum
 11240 | D:11     | 11240 ||| INVOKING Heroism.
 11248 | D:11     | Killed Grum
 11274 | D:11     | 11274 ||| Stepping ~*~*~tactically~*~*~ (hiding).
 11278 | D:11     | Noticed a two-headed ogre
 11279 | D:11     | 11279 ||| INVOKING Heroism.
 11286 | D:11     | Killed a two-headed ogre
 11287 | D:11     | Reached skill level 12 in Axes
 11293 | D:11     | Reached skill level 3 in Invocations
 11356 | D:11     | 11356 ||| Stepping ~*~*~tactically~*~*~ (hiding).
 11400 | D:11     | 11400 ||| INVOKING Heroism.
 11457 | D:11     | 11457 ||| Stepping ~*~*~tactically~*~*~ (hiding).
 11462 | D:11     | 11462 ||| INVOKING Heroism.
 11489 | D:11     | 11489 ||| Stepping ~*~*~tactically~*~*~ (hiding).
 11492 | D:11     | Reached XP level 12. HP: 23/76 MP: 15/15
 11492 | D:11     | 11492 ||| INVOKING Heroism.
 11492 | D:11     | HP: 13/76 [orc priest/divine providence (11)]
 11493 | D:11     | 11493 ||| READING 7 scrolls of teleportation.
 11494 | D:11     | 11494 ||| DRINKING potion of heal wounds.
 11496 | D:11     | Reached skill level 6 in Shields
 11704 | D:11     | 11704 ||| INVOKING Heroism.
 11706 | D:11     | Found a staircase to the Lair.
 11830 | D:11     | Noticed Snorg
 11832 | D:11     | 11832 ||| INVOKING Heroism.
 11848 | D:11     | Killed Snorg
 11849 | D:11     | Reached skill level 9 in Armour
 11903 | D:11     | 11903 ||| INVOKING Heroism.
 11987 | D:11     | You fall into a shaft and drop 2 floors!
 12044 | D:13     | Noticed Erolcha
 12045 | D:13     | 12045 ||| INVOKING Heroism.
 12049 | D:13     | Killed Erolcha
 12144 | D:13     | 12144 ||| READING scroll of acquirement.
 12144 | D:13     | 12144 ||| ACQUIRING +4 pair of gloves "Ceshrow" {-Cast
                  | Str+3 SInv}
 12144 | D:13     | Acquired the +4 pair of gloves "Ceshrow" {-Cast Str+3 SInv}
 12146 | D:13     | 12146 ||| DROPPING +0 plate armour.
 12147 | D:13     | Noticed Frances
 12148 | D:13     | 12148 ||| Stepping ~*~*~tactically~*~*~ (hiding).
 12150 | D:13     | 12150 ||| INVOKING Heroism.
 12160 | D:13     | HP: 16/76 [Frances/iron shot (21)]
 12161 | D:13     | 12161 ||| READING 7 scrolls of teleportation.
 12162 | D:13     | 12162 ||| DRINKING potion of heal wounds.
 12163 | D:13     | Killed Frances
 12387 | D:13     | 12387 ||| UPGRADING to +4 pair of gloves "Ceshrow" {-Cast
                  | Str+3 SInv}.
 12397 | D:13     | 12397 ||| DROPPING +2 pair of gloves.
 12435 | D:12     | Reached ** piety under Okawaru
 12442 | D:12     | 12442 ||| INVOKING Heroism.
 12508 | D:12     | 12508 ||| Stepping ~*~*~tactically~*~*~ (stealth).
 12509 | D:12     | 12509 ||| Stepping ~*~*~tactically~*~*~ (stealth).
 12511 | D:12     | 12511 ||| Stepping ~*~*~tactically~*~*~ (stealth).
 12513 | D:12     | 12513 ||| Stepping ~*~*~tactically~*~*~ (stealth).
 12514 | D:12     | 12514 ||| Stepping ~*~*~tactically~*~*~ (stealth).
 12515 | D:12     | 12515 ||| Stepping ~*~*~tactically~*~*~ (stealth).
 12547 | D:12     | You fall into a shaft and drop 2 floors!
 12582 | D:14     | Noticed a vault guard
 12589 | D:14     | Reached *** piety under Okawaru
 12709 | D:14     | 12709 ||| Stepping ~*~*~tactically~*~*~ (stealth).
 12711 | D:14     | 12711 ||| Stepping ~*~*~tactically~*~*~ (hiding).
 12715 | D:14     | 12715 ||| Stepping ~*~*~tactically~*~*~ (hiding).
 12749 | D:14     | Noticed a vault guard
 12797 | D:14     | 12797 ||| Stepping ~*~*~tactically~*~*~ (hiding).
 12801 | D:14     | 12801 ||| INVOKING Heroism.
 12807 | D:14     | 12807 ||| Stepping ~*~*~tactically~*~*~ (hiding).
 12876 | D:14     | Found Vajuhi Pagra's Weapon Boutique.
 12906 | D:14     | Noticed a centaur warrior
 12907 | D:14     | 12907 ||| Stepping ~*~*~tactically~*~*~ (hiding).
 12909 | D:14     | 12909 ||| INVOKING Heroism.
 12919 | D:14     | Killed a centaur warrior
 12962 | D:14     | Reached **** piety under Okawaru
 12971 | D:14     | 12971 ||| INVOKING Heroism.
 12982 | D:14     | Received a gift from Okawaru
 12983 | D:14     | Reached XP level 13. HP: 55/82 MP: 16/16
 13069 | D:14     | Found Tyremiavinn's Magic Scroll Boutique.
 13080 | D:14     | 13080 ||| BUYING scroll of enchant weapon (120 gold).
 13080 | D:14     | Bought a scroll of enchant weapon for 120 gold pieces
 13080 | D:14     | 13080 ||| BUYING scroll of enchant weapon (120 gold).
 13080 | D:14     | Bought a scroll of enchant weapon for 120 gold pieces
 13080 | D:14     | 13080 ||| BUYING scroll of identify (32 gold).
 13080 | D:14     | Bought a scroll of identify for 32 gold pieces
 13080 | D:14     | 13080 ||| BUYING scroll of teleportation (48 gold).
 13080 | D:14     | Bought a scroll of teleportation for 48 gold pieces
 13080 | D:14     | 13080 ||| READING 2 scrolls of enchant weapon.
 13080 | D:14     | 13080 ||| ENCHANTING +1 war axe of draining.
 13081 | D:14     | 13081 ||| READING scroll of enchant weapon.
 13081 | D:14     | 13081 ||| ENCHANTING +2 war axe of draining.
 13230 | D:11     | Found a runed translucent door.
 13238 | D:11     | 13238 ||| PLANNING LAIR
 13290 | D:11     | 13290 ||| Stepping ~*~*~tactically~*~*~ (stealth).
 13416 | Lair:1   | Entered Level 1 of the Lair of Beasts
 13584 | Lair:1   | 13584 ||| Stepping ~*~*~tactically~*~*~ (stealth).
 13605 | Lair:1   | 13605 ||| Stepping ~*~*~tactically~*~*~ (hiding).
 13710 | Lair:1   | 13710 ||| Stepping ~*~*~tactically~*~*~ (stealth).
 13995 | Lair:1   | You fall into a shaft and drop 1 floor!
 13995 | Lair:2   | Was forgiven by Ignis
 13997 | Lair:2   | Noticed Fannar
 14002 | Lair:2   | 14002 ||| INVOKING Heroism.
 14020 | Lair:2   | Killed Fannar
 14026 | Lair:2   | 14026 ||| INVOKING Heroism.
 14099 | Lair:2   | Identified the +1 robe of the Morning {rCorr}
 14123 | Lair:2   | 14123 ||| READING scroll labelled JACUTHRULYESISS.
 14131 | Lair:2   | 14131 ||| Stepping ~*~*~tactically~*~*~ (stealth).
 14132 | Lair:2   | 14132 ||| INVOKING Heroism.
 14149 | Lair:2   | Noticed Urug
 14158 | Lair:2   | 14158 ||| SWAPPING to +1 hand axe of flaming.
 14162 | Lair:2   | 14162 ||| INVOKING Heroism.
 14163 | Lair:2   | 14163 ||| SWAPPING to +3 war axe of draining.
 14167 | Lair:2   | Killed Urug
 14168 | Lair:2   | Reached skill level 6 in Invocations
 14721 | Lair:2   | 14721 ||| Stepping ~*~*~tactically~*~*~ (stealth).
 14785 | Lair:2   | 14785 ||| INVOKING Heroism.
 14865 | Lair:2   | 14865 ||| INVOKING Heroism.
 14976 | Lair:2   | Reached skill level 7 in Shields
 15138 | Lair:3   | 15138 ||| Stepping ~*~*~tactically~*~*~ (hiding).
 15139 | Lair:3   | 15139 ||| Stepping ~*~*~tactically~*~*~ (hiding).
 15140 | Lair:3   | 15140 ||| Stepping ~*~*~tactically~*~*~ (hiding).
 15150 | Lair:3   | Found a staircase to the Snake Pit.
 15161 | Lair:3   | 15161 ||| Stepping ~*~*~tactically~*~*~ (hiding).
 15319 | Lair:3   | 15319 ||| INVOKING Heroism.
 15453 | Lair:3   | 15453 ||| Stepping ~*~*~tactically~*~*~ (stealth).
 15454 | Lair:3   | 15454 ||| Stepping ~*~*~tactically~*~*~ (stealth).
 15455 | Lair:3   | 15455 ||| Stepping ~*~*~tactically~*~*~ (stealth).
 15637 | Lair:3   | 15637 ||| Stepping ~*~*~tactically~*~*~ (stealth).
 15657 | Lair:3   | Received a gift from Okawaru
 15803 | Lair:3   | 15803 ||| INVOKING Heroism.
 15807 | Lair:3   | 15807 ||| SWAPPING to +1 hand axe of flaming.
 15816 | Lair:3   | 15816 ||| SWAPPING to +3 war axe of draining.
 15874 | Lair:3   | 15874 ||| INVOKING Heroism.
 16038 | Lair:3   | Found a staircase to the Shoals.
 16039 | Lair:3   | 16039 ||| INVOKING Heroism.
 16083 | Lair:3   | 16083 ||| DROPPING +4 ring of slaying {mikee}.
 16108 | Lair:4   | 16108 ||| Stepping ~*~*~tactically~*~*~ (stealth).
 16151 | Lair:4   | Gained mutation: Your large and strong wings let you fly.
                  | [Gargoyle growth]
 16151 | Lair:4   | Reached XP level 14. HP: 82/90 MP: 20/20
 16158 | Lair:4   | Reached skill level 9 in Invocations
 16357 | Lair:4   | Received a gift from Okawaru
 16536 | Lair:4   | 16536 ||| INVOKING Heroism.
 16599 | Lair:4   | Reached ***** piety under Okawaru
 16638 | Lair:4   | Reached skill level 15 in Axes
 17168 | Lair:4   | 17168 ||| UPGRADING to +0 cloak.
 17173 | Lair:4   | 17173 ||| READING 8 scrolls of identify.
 17173 | Lair:4   | 17173 ||| IDENTIFYING white potion
 17174 | Lair:4   | 17174 ||| DROPPING potion of berserk rage.
 17236 | Lair:5   | Entered Level 5 of the Lair of Beasts
 17250 | Lair:5   | Received a gift from Okawaru
 17254 | Lair:5   | 17254 ||| STAIRDANCE
 17258 | Lair:4   | 17258 ||| INVOKING Heroism.
 17371 | Lair:5   | 17371 ||| STAIRDANCE
 17412 | Lair:5   | 17412 ||| STAIRDANCE
 17417 | Lair:4   | Received a gift from Okawaru
 17462 | Lair:5   | 17462 ||| INVOKING Heroism.
 17515 | Lair:5   | 17515 ||| Stepping ~*~*~tactically~*~*~ (stealth).
 17577 | Lair:5   | Received a gift from Okawaru
 17610 | Lair:5   | 17610 ||| Stepping ~*~*~tactically~*~*~ (hiding).
 17611 | Lair:5   | 17611 ||| Stepping ~*~*~tactically~*~*~ (hiding).
 17613 | Lair:5   | 17613 ||| Stepping ~*~*~tactically~*~*~ (hiding).
 17614 | Lair:5   | 17614 ||| INVOKING Heroism.
 17615 | Lair:5   | 17615 ||| INVOKING Finesse.
 17617 | Lair:5   | 17617 ||| Stepping ~*~*~tactically~*~*~ (hiding).
 17682 | Lair:5   | 17682 ||| Stepping ~*~*~tactically~*~*~ (hiding).
 17683 | Lair:5   | 17683 ||| Stepping ~*~*~tactically~*~*~ (hiding).
 17684 | Lair:5   | 17684 ||| Stepping ~*~*~tactically~*~*~ (hiding).
 17685 | Lair:5   | 17685 ||| INVOKING Heroism.
 17689 | Lair:5   | 17689 ||| SWAPPING to +1 hand axe of flaming.
 17692 | Lair:5   | 17692 ||| SWAPPING to +3 war axe of draining.
 17712 | Lair:5   | 17712 ||| INVOKING Heroism.
 17739 | Lair:5   | 17739 ||| Stepping ~*~*~tactically~*~*~ (stealth).
 17742 | Lair:5   | 17742 ||| Stepping ~*~*~tactically~*~*~ (stealth).
 17744 | Lair:5   | 17744 ||| Stepping ~*~*~tactically~*~*~ (stealth).
 17750 | Lair:5   | Reached skill level 12 in Fighting
 17754 | Lair:5   | 17754 ||| Stepping ~*~*~tactically~*~*~ (hiding).
 17780 | Lair:5   | Received a gift from Okawaru
 17787 | Lair:5   | 17787 ||| Stepping ~*~*~tactically~*~*~ (stealth).
 17790 | Lair:5   | 17790 ||| Stepping ~*~*~tactically~*~*~ (stealth).
 17791 | Lair:5   | 17791 ||| Stepping ~*~*~tactically~*~*~ (stealth).
 17869 | Lair:5   | 17869 ||| INVOKING Heroism.
 17877 | Lair:5   | 17877 ||| Stepping ~*~*~tactically~*~*~ (stealth).
 17885 | Lair:5   | 17885 ||| Stepping ~*~*~tactically~*~*~ (stealth).
 17900 | Lair:5   | Found a viscous altar of Jiyva.
 17902 | Lair:5   | Found a staircase to the Slime Pits.
 17980 | Lair:5   | 17980 ||| Stepping ~*~*~tactically~*~*~ (stealth).
 17985 | Lair:5   | 17985 ||| Stepping ~*~*~tactically~*~*~ (stealth).
 18104 | Lair:5   | 18104 ||| INVOKING Heroism.
 18105 | Lair:5   | 18105 ||| INVOKING Finesse.
 18115 | Lair:5   | Identified the +2 kite shield "Ytietran" {rElec Int-4 Dex+7
                  | Stlth+} (Okawaru gifted it to you on level 5 of the Lair of
                  | Beasts)
 18115 | Lair:5   | Received a gift from Okawaru
 18128 | Lair:5   | Reached XP level 15. HP: 82/96 MP: 22/22
 18332 | Lair:5   | 18332 ||| Stepping ~*~*~tactically~*~*~ (stealth).
 18335 | Lair:5   | 18335 ||| Stepping ~*~*~tactically~*~*~ (stealth).
 18512 | Lair:5   | 18512 ||| PLANNING D
 18512 | Lair:5   | 18512 ||| UPGRADING to +2 kite shield "Ytietran" {rElec
                  | Int-4 Dex+7 Stlth+}.
 18522 | Lair:5   | 18522 ||| DROPPING +0 buckler.
 18523 | Lair:5   | 18523 ||| DROPPING +0 cloak of stealth.
 18524 | Lair:5   | 18524 ||| READING scroll labelled UTTANO YMPOCA.
 18671 | D:12     | 18671 ||| Stepping ~*~*~tactically~*~*~ (hiding).
 18673 | D:12     | 18673 ||| Stepping ~*~*~tactically~*~*~ (hiding).
 18855 | D:12     | 18855 ||| READING scroll of enchant weapon.
 18855 | D:12     | 18855 ||| ENCHANTING +3 war axe of draining.
 19155 | D:12     | Found a staircase to the Orcish Mines.
 19284 | D:13     | Reached skill level 8 in Shields
 19853 | D:14     | 19853 ||| INVOKING Heroism.
 19854 | D:14     | 19854 ||| Stepping ~*~*~tactically~*~*~ (hiding).
 19855 | D:14     | 19855 ||| INVOKING Finesse.
 19858 | D:14     | 19858 ||| SWAPPING to +1 hand axe of flaming.
 19863 | D:14     | 19863 ||| SWAPPING to +4 war axe of draining.
 19915 | D:14     | 19915 ||| Stepping ~*~*~tactically~*~*~ (stealth).
 19918 | D:14     | 19918 ||| INVOKING Heroism.
 19919 | D:14     | 19919 ||| Stepping ~*~*~tactically~*~*~ (stealth).
 19937 | D:14     | Reached skill level 9 in Shields
 19960 | D:14     | Found Saosen's Antique Armour Shop.
 19964 | D:14     | 19964 ||| BUYING glowing cloak (172 gold).
 19964 | D:14     | Bought a glowing cloak for 172 gold pieces
 20004 | D:14     | 20004 ||| Stepping ~*~*~tactically~*~*~ (hiding).
 20149 | D:14     | Identified the +0 ring mail "Ifra" {Str+5}
 20219 | D:14     | Found Tivuofij's Armour Shoppe.
 20321 | D:14     | 20321 ||| Stepping ~*~*~tactically~*~*~ (hiding).
 20324 | D:14     | 20324 ||| INVOKING Heroism.
 20339 | D:14     | 20339 ||| Stepping ~*~*~tactically~*~*~ (hiding).
 20357 | D:14     | Reached skill level 10 in Shields
 20388 | D:14     | Found a gate to the Vaults.
 20394 | D:14     | 20394 ||| UPGRADING to +2 cloak.
 20404 | D:14     | 20404 ||| DROPPING +0 cloak.
 20441 | D:15     | Entered Level 15 of the Dungeon
 20451 | D:15     | 20451 ||| INVOKING Heroism.
 20457 | D:15     | 20457 ||| SWAPPING to +1 hand axe of flaming.
 20462 | D:15     | 20462 ||| SWAPPING to +4 war axe of draining.
 20473 | D:15     | 20473 ||| Stepping ~*~*~tactically~*~*~ (hiding).
 20499 | D:15     | 20499 ||| INVOKING Heroism.
 20502 | D:15     | 20502 ||| Stepping ~*~*~tactically~*~*~ (hiding).
 20639 | D:15     | 20639 ||| Stepping ~*~*~tactically~*~*~ (hiding).
 20795 | D:15     | Reached skill level 11 in Shields
 20914 | D:15     | 20914 ||| Stepping ~*~*~tactically~*~*~ (hiding).
 20918 | D:15     | 20918 ||| INVOKING Heroism.
 20971 | D:15     | Found a staircase to the Depths.
 21030 | D:15     | 21030 ||| Stepping ~*~*~tactically~*~*~ (stealth).
 21038 | D:15     | Identified the +0 robe of Raahuche {+Blink rN+}
 21045 | D:15     | 21045 ||| Stepping ~*~*~tactically~*~*~ (hiding).
 21048 | D:15     | 21048 ||| Stepping ~*~*~tactically~*~*~ (hiding).
 21053 | D:15     | 21053 ||| INVOKING Heroism.
 21181 | D:15     | 21181 ||| Stepping ~*~*~tactically~*~*~ (hiding).
 21182 | D:15     | 21182 ||| Stepping ~*~*~tactically~*~*~ (hiding).
 21412 | D:15     | Noticed Jorgrun
 21413 | D:15     | 21413 ||| INVOKING Heroism.
 21428 | D:15     | Killed Jorgrun
 21428 | D:15     | Received a gift from Okawaru
 21489 | D:15     | Noticed Kirke
 21490 | D:15     | 21490 ||| INVOKING Heroism.
 21497 | D:15     | 21497 ||| DRINKING 2 potions of cancellation.
 21500 | D:15     | 21500 ||| DRINKING potion of cancellation.
 21506 | D:15     | Killed Kirke
 21849 | D:15     | 21849 ||| PLANNING ORC
 21849 | D:15     | 21849 ||| DRINKING 3 sedimented pink potions.
 21850 | D:15     | 21850 ||| DROPPING 2 potions of invisibility.
 21941 | Orc:1    | Entered Level 1 of the Orcish Mines
 21943 | Orc:1    | 21943 ||| Stepping ~*~*~tactically~*~*~ (hiding).
 21944 | Orc:1    | 21944 ||| Stepping ~*~*~tactically~*~*~ (hiding).
 21956 | Orc:1    | 21956 ||| Stepping ~*~*~tactically~*~*~ (stealth).
 21958 | Orc:1    | 21958 ||| Stepping ~*~*~tactically~*~*~ (hiding).
 21975 | Orc:1    | 21975 ||| Stepping ~*~*~tactically~*~*~ (hiding).
 21979 | Orc:1    | 21979 ||| Stepping ~*~*~tactically~*~*~ (hiding).
 22112 | Orc:2    | Entered Level 2 of the Orcish Mines
 22139 | Orc:2    | 22139 ||| Stepping ~*~*~tactically~*~*~ (stealth).
 22196 | Orc:1    | Reached skill level 12 in Shields
 22447 | Orc:2    | 22447 ||| Stepping ~*~*~tactically~*~*~ (stealth).
 22507 | Orc:2    | 22507 ||| Stepping ~*~*~tactically~*~*~ (stealth).
 22509 | Orc:2    | 22509 ||| Stepping ~*~*~tactically~*~*~ (stealth).
 22511 | Orc:2    | 22511 ||| Stepping ~*~*~tactically~*~*~ (hiding).
 22512 | Orc:2    | 22512 ||| Stepping ~*~*~tactically~*~*~ (hiding).
 22550 | Orc:2    | Found a staircase to the Elven Halls.
 22574 | Orc:1    | Noticed Sonja
 22582 | Orc:1    | Killed Sonja
 22586 | Orc:1    | 22586 ||| Stepping ~*~*~tactically~*~*~ (hiding).
 22587 | Orc:1    | 22587 ||| Stepping ~*~*~tactically~*~*~ (hiding).
 22588 | Orc:1    | 22588 ||| Stepping ~*~*~tactically~*~*~ (hiding).
 22765 | Orc:2    | 22765 ||| INVOKING Heroism.
 22991 | Orc:2    | Found Runi's Jewellery Shop.
 23002 | Orc:2    | 23002 ||| Stepping ~*~*~tactically~*~*~ (hiding).
 23003 | Orc:2    | 23003 ||| Stepping ~*~*~tactically~*~*~ (hiding).
 23004 | Orc:2    | 23004 ||| Stepping ~*~*~tactically~*~*~ (hiding).
 23117 | Orc:2    | 23117 ||| BUYING amulet of Beogh's Righteous Fury {Faith
                  | rElec rF- rN++ Str+2} (1048 gold).
 23117 | Orc:2    | Bought the amulet of Beogh's Righteous Fury {Faith rElec
                  | rF- rN++ Str+2} for 1048 gold pieces
 23140 | Orc:2    | Found a runed translucent gate.
 23140 | Orc:2    | Found a runed translucent gate.
 23140 | Orc:2    | Found a runed translucent gate.
 23141 | Orc:2    | Noticed Segg's ghost (adept GnSk)
 23292 | Orc:2    | 23292 ||| Stepping ~*~*~tactically~*~*~ (hiding).
 23294 | Orc:2    | 23294 ||| INVOKING Heroism.
 23301 | Orc:2    | Found Relaeraosh's Magic Scroll Boutique.
 23305 | Orc:2    | Reached skill level 6 in Throwing
 23320 | Orc:2    | Reached skill level 6 in Dodging
 23340 | Orc:2    | HP: 22/96 [red devil/+1 demon trident of venom[an orc high
                  | priest] (13)]
 23341 | Orc:2    | 23341 ||| READING 10 scrolls of teleportation.
 23342 | Orc:2    | 23342 ||| DRINKING potion of heal wounds.
 23464 | Orc:2    | 23464 ||| Stepping ~*~*~tactically~*~*~ (stealth).
 23465 | Orc:2    | 23465 ||| Stepping ~*~*~tactically~*~*~ (stealth).
 23481 | Orc:2    | 23481 ||| Stepping ~*~*~tactically~*~*~ (stealth).
 23487 | Orc:2    | 23487 ||| INVOKING Heroism.
 23580 | Orc:2    | 23580 ||| Stepping ~*~*~tactically~*~*~ (stealth).
 23581 | Orc:2    | 23581 ||| Stepping ~*~*~tactically~*~*~ (stealth).
 23592 | Orc:2    | 23592 ||| Stepping ~*~*~tactically~*~*~ (stealth).
 23593 | Orc:2    | 23593 ||| Stepping ~*~*~tactically~*~*~ (stealth).
 23594 | Orc:2    | Found Ytay's Assorted Antiques.
 23598 | Orc:2    | 23598 ||| Stepping ~*~*~tactically~*~*~ (stealth).
 23599 | Orc:2    | 23599 ||| Stepping ~*~*~tactically~*~*~ (hiding).
 23601 | Orc:2    | 23601 ||| Stepping ~*~*~tactically~*~*~ (hiding).
 23610 | Orc:2    | 23610 ||| Stepping ~*~*~tactically~*~*~ (hiding).
 23617 | Orc:2    | Reached XP level 16. HP: 101/101 MP: 23/23
 23655 | Orc:2    | 23655 ||| Stepping ~*~*~tactically~*~*~ (stealth).
 23660 | Orc:2    | 23660 ||| Stepping ~*~*~tactically~*~*~ (stealth).
 23662 | Orc:2    | 23662 ||| INVOKING Heroism.
 23664 | Orc:2    | 23664 ||| Stepping ~*~*~tactically~*~*~ (stealth).
 23667 | Orc:2    | 23667 ||| Stepping ~*~*~tactically~*~*~ (hiding).
 23681 | Orc:2    | 23681 ||| INVOKING Heroism.
 23736 | Orc:2    | 23736 ||| BUYING scroll of teleportation (45 gold).
 23736 | Orc:2    | Bought a scroll of teleportation for 45 gold pieces
 23736 | Orc:2    | 23736 ||| BUYING scroll of teleportation (45 gold).
 23736 | Orc:2    | Bought a scroll of teleportation for 45 gold pieces
 23739 | Orc:2    | 23739 ||| BUYING 2 potions of heal wounds (290 gold).
 23739 | Orc:2    | Bought 2 potions of heal wounds for 290 gold pieces
 23739 | Orc:2    | 23739 ||| SHOPLISTING wand of digging (6) (730 gold, have
                  | 365).
 23739 | Orc:2    | Found Efargh's Weapon Emporium.
 23741 | Orc:2    | Found Uklo's Distillery.
 23751 | Orc:2    | 23751 ||| BUYING +0 broad axe (60 gold).
 23751 | Orc:2    | Bought a +0 broad axe for 60 gold pieces
 23751 | Orc:2    | 23751 ||| SHOPLISTING +5 broad axe of holy wrath (513 gold,
                  | have 305).
 23751 | Orc:2    | 23751 ||| SWAPPING to +0 broad axe.
 23752 | Orc:2    | 23752 ||| DROPPING +4 war axe of draining.
 23755 | Orc:2    | 23755 ||| BUYING potion of curing (45 gold).
 23755 | Orc:2    | Bought a potion of curing for 45 gold pieces
 23755 | Orc:2    | 23755 ||| BUYING potion of haste (150 gold).
 23755 | Orc:2    | Bought a potion of haste for 150 gold pieces
 23755 | Orc:2    | 23755 ||| BUYING potion of heal wounds (75 gold).
 23755 | Orc:2    | Bought a potion of heal wounds for 75 gold pieces
 23755 | Orc:2    | 23755 ||| SHOPLISTING potion of might (60 gold, have 35).
 23877 | Orc:2    | 23877 ||| PLANNING SHOALS:1-3
 23877 | Orc:2    | 23877 ||| DROPPING +1 plate armour of poison resistance.
 23878 | Orc:2    | 23878 ||| PLANNING LAIR
 24073 | Lair:5   | 24073 ||| PLANNING SHOALS:1-3
 24127 | Shoals:1 | Entered Level 1 of the Shoals
 24186 | Shoals:1 | 24186 ||| INVOKING Heroism.
 24186 | Shoals:1 | HP: 19/101 [water elemental[a merfolk aquamancer] (11)]
 24187 | Shoals:1 | 24187 ||| READING 11 scrolls of teleportation.
 24188 | Shoals:1 | 24188 ||| DRINKING 3 potions of heal wounds.
 24226 | Shoals:1 | 24226 ||| INVOKING Heroism.
 24329 | Shoals:1 | 24329 ||| INVOKING Heroism.
 24384 | Shoals:1 | 24384 ||| INVOKING Heroism.
 24389 | Shoals:1 | HP: 16/101 [merfolk aquamancer/shard of ice (39)]
 24390 | Shoals:1 | 24390 ||| READING 10 scrolls of teleportation.
 24391 | Shoals:1 | 24391 ||| DRINKING 2 potions of heal wounds.
 24393 | Shoals:1 | 24393 ||| DRINKING potion of heal wounds.
 24426 | Shoals:1 | 24426 ||| INVOKING Heroism.
 24433 | Shoals:1 | HP: 18/101 [snapping turtle (8)]
 24434 | Shoals:1 | 24434 ||| READING 9 scrolls of teleportation.
 24442 | Shoals:1 | 24442 ||| READING 8 scrolls of teleportation.
 24739 | Shoals:1 | Reached skill level 12 in Armour
 24809 | Shoals:1 | Reached skill level 13 in Shields
 24812 | Shoals:1 | Found Qithubug's Assorted Antiques.
 24815 | Shoals:1 | 24815 ||| SHOPLISTING fine chain mail (342 gold, have 96).
 24815 | Shoals:1 | 24815 ||| SHOPLISTING potion of curing (108 gold, have 96).
 24815 | Shoals:1 | 24815 ||| SHOPLISTING potion of heal wounds (180 gold, have
                  | 96).
 24815 | Shoals:1 | 24815 ||| SHOPLISTING scroll of enchant weapon (270 gold,
                  | have 96).
 24815 | Shoals:1 | 24815 ||| SHOPLISTING scroll of teleportation (108 gold,
                  | have 96).
 24815 | Shoals:1 | 24815 ||| SHOPLISTING shiny chain mail (270 gold, have 96).
 24831 | Shoals:1 | 24831 ||| Stepping ~*~*~tactically~*~*~ (stealth).
 24832 | Shoals:1 | 24832 ||| Stepping ~*~*~tactically~*~*~ (stealth).
 24833 | Shoals:1 | 24833 ||| Stepping ~*~*~tactically~*~*~ (stealth).
 24837 | Shoals:1 | 24837 ||| Stepping ~*~*~tactically~*~*~ (hiding).
 24838 | Shoals:1 | 24838 ||| Stepping ~*~*~tactically~*~*~ (hiding).
 24839 | Shoals:1 | 24839 ||| Stepping ~*~*~tactically~*~*~ (hiding).
 24842 | Shoals:1 | 24842 ||| Stepping ~*~*~tactically~*~*~ (hiding).
 25047 | Shoals:1 | 25047 ||| INVOKING Heroism.
 25146 | Shoals:1 | Found the +1 cloak of Starlight {*Dazzle EV+4 Stlth--}
 25166 | Shoals:1 | Found a runed translucent gate.
 25167 | Shoals:1 | Found a runed translucent gate.
 25177 | Shoals:1 | Found a runed translucent gate.
 25535 | Shoals:1 | 25535 ||| UPGRADING to +1 cloak of Starlight {*Dazzle EV+4
                  | Stlth--}.
 25545 | Shoals:1 | 25545 ||| DROPPING +2 cloak.
 25734 | Shoals:2 | Received a gift from Okawaru
 25749 | Shoals:2 | 25749 ||| INVOKING Heroism.
 25812 | Shoals:2 | Noticed Polyphemus
 25813 | Shoals:2 | 25813 ||| INVOKING Heroism.
 25828 | Shoals:2 | Killed Polyphemus
 25838 | Shoals:2 | 25838 ||| PLANNING SHOALS:1-3
 25985 | Shoals:2 | Found a transporter.
 25985 | Shoals:2 | Noticed finalsalamander's ghost (adept HOMo)
 26018 | Shoals:2 | 26018 ||| INVOKING Heroism.
 26019 | Shoals:2 | 26019 ||| INVOKING Finesse.
 26314 | Shoals:2 | 26314 ||| INVOKING Heroism.
 26335 | Shoals:2 | 26335 ||| Stepping ~*~*~tactically~*~*~ (hiding).
 26596 | Shoals:2 | 26596 ||| READING scroll of enchant armour.
 26596 | Shoals:2 | 26596 ||| ENCHANTING +1 helmet.
 27092 | Shoals:3 | Identified the +0 hat "Baug" {rF+ Will+} (Okawaru gifted it
                  | to you on level 3 of the Shoals)
 27092 | Shoals:3 | Received a gift from Okawaru
 27108 | Shoals:3 | 27108 ||| INVOKING Heroism.
 27121 | Shoals:3 | Reached XP level 17. HP: 108/108 MP: 24/24
 27128 | Shoals:3 | Found Nuenuipe's Magic Scroll Boutique.
 27131 | Shoals:3 | 27131 ||| BUYING scroll of teleportation (51 gold).
 27131 | Shoals:3 | Bought a scroll of teleportation for 51 gold pieces
 27131 | Shoals:3 | 27131 ||| BUYING scroll of teleportation (51 gold).
 27131 | Shoals:3 | Bought a scroll of teleportation for 51 gold pieces
 27194 | Shoals:3 | 27194 ||| Stepping ~*~*~tactically~*~*~ (hiding).
 27203 | Shoals:3 | 27203 ||| Stepping ~*~*~tactically~*~*~ (hiding).
 27648 | Shoals:3 | 27648 ||| PLANNING SNAKE:1-3
 27648 | Shoals:3 | 27648 ||| UPGRADING to +0 hat "Baug" {rF+ Will+}.
 27658 | Shoals:3 | 27658 ||| DROPPING ring of wizardry.
 27744 | Snake:1  | Entered Level 1 of the Snake Pit
 27806 | Snake:1  | 27806 ||| Stepping ~*~*~tactically~*~*~ (hiding).
 27809 | Snake:1  | 27809 ||| INVOKING Heroism.
 27982 | Snake:1  | 27982 ||| Stepping ~*~*~tactically~*~*~ (hiding).
 28033 | Snake:1  | 28033 ||| Stepping ~*~*~tactically~*~*~ (hiding).
 28066 | Snake:1  | 28066 ||| Stepping ~*~*~tactically~*~*~ (hiding).
 28108 | Snake:1  | 28108 ||| INVOKING Heroism.
 28726 | Snake:1  | 28726 ||| Stepping ~*~*~tactically~*~*~ (hiding).
 28728 | Snake:1  | 28728 ||| Stepping ~*~*~tactically~*~*~ (hiding).
 28956 | Snake:2  | 28956 ||| Stepping ~*~*~tactically~*~*~ (hiding).
 28983 | Snake:2  | Reached skill level 18 in Axes
 29058 | Snake:2  | 29058 ||| Stepping ~*~*~tactically~*~*~ (hiding).
 29193 | Snake:2  | 29193 ||| Stepping ~*~*~tactically~*~*~ (hiding).
 29195 | Snake:2  | 29195 ||| Stepping ~*~*~tactically~*~*~ (hiding).
 29319 | Snake:2  | 29319 ||| INVOKING Heroism.
 29323 | Snake:2  | 29323 ||| Stepping ~*~*~tactically~*~*~ (hiding).
 29324 | Snake:2  | 29324 ||| Stepping ~*~*~tactically~*~*~ (hiding).
 29328 | Snake:2  | 29328 ||| Stepping ~*~*~tactically~*~*~ (hiding).
 29383 | Snake:2  | 29383 ||| Stepping ~*~*~tactically~*~*~ (hiding).
 29384 | Snake:2  | 29384 ||| Stepping ~*~*~tactically~*~*~ (hiding).
 29423 | Snake:2  | 29423 ||| Stepping ~*~*~tactically~*~*~ (stealth).
 29437 | Snake:2  | 29437 ||| Stepping ~*~*~tactically~*~*~ (hiding).
 29454 | Snake:2  | 29454 ||| Stepping ~*~*~tactically~*~*~ (stealth).
 29456 | Snake:2  | 29456 ||| Stepping ~*~*~tactically~*~*~ (hiding).
 29458 | Snake:2  | 29458 ||| Stepping ~*~*~tactically~*~*~ (hiding).
 29467 | Snake:2  | 29467 ||| Stepping ~*~*~tactically~*~*~ (stealth).
 29488 | Snake:2  | 29488 ||| Stepping ~*~*~tactically~*~*~ (stealth).
 29493 | Snake:2  | 29493 ||| INVOKING Heroism.
 29529 | Snake:2  | 29529 ||| Stepping ~*~*~tactically~*~*~ (hiding).
 29874 | Snake:2  | 29874 ||| Stepping ~*~*~tactically~*~*~ (hiding).
 29875 | Snake:2  | 29875 ||| Stepping ~*~*~tactically~*~*~ (hiding).
 29876 | Snake:2  | 29876 ||| INVOKING Heroism.
 29912 | Snake:2  | 29912 ||| Stepping ~*~*~tactically~*~*~ (stealth).
 30035 | Snake:3  | Received a gift from Okawaru
 30144 | Snake:3  | 30144 ||| Stepping ~*~*~tactically~*~*~ (hiding).
 30145 | Snake:3  | 30145 ||| Stepping ~*~*~tactically~*~*~ (hiding).
 30148 | Snake:3  | 30148 ||| Stepping ~*~*~tactically~*~*~ (hiding).
 30174 | Snake:3  | Found Naxzemm's Assorted Antiques.
 30182 | Snake:3  | Reached skill level 14 in Shields
 30248 | Snake:3  | 30248 ||| Stepping ~*~*~tactically~*~*~ (stealth).
 30250 | Snake:3  | 30250 ||| BUYING silver wand (132 gold).
 30250 | Snake:3  | Bought a silver wand for 132 gold pieces
 30664 | Snake:3  | Noticed Aizul
 30665 | Snake:3  | 30665 ||| INVOKING Heroism.
 30666 | Snake:3  | 30666 ||| INVOKING Finesse.
 30688 | Snake:3  | Killed Aizul
 30775 | Snake:3  | 30775 ||| Stepping ~*~*~tactically~*~*~ (hiding).
 30780 | Snake:3  | 30780 ||| INVOKING Heroism.
 30804 | Snake:3  | 30804 ||| INVOKING Heroism.
 30811 | Snake:3  | Received a gift from Okawaru
 30837 | Snake:3  | Received a gift from Okawaru
 30842 | Snake:3  | Reached XP level 18. HP: 82/116 MP: 25/25
 30862 | Snake:3  | 30862 ||| INVOKING Heroism.
 30872 | Snake:3  | Identified the +8 rapier of Honour {venom, Drain Fly rPois
                  | rCorr}
 30877 | Snake:3  | 30877 ||| Stepping ~*~*~tactically~*~*~ (hiding).
 30881 | Snake:3  | 30881 ||| INVOKING Heroism.
 31028 | Snake:3  | 31028 ||| DROPPING +1 hand axe of flaming.
 31030 | Snake:3  | 31030 ||| READING scroll of enchant armour.
 31030 | Snake:3  | 31030 ||| ENCHANTING +0 pair of boots.
 31033 | Snake:3  | 31033 ||| SWAPPING to +1 broad axe of electrocution.
 31034 | Snake:3  | 31034 ||| DROPPING +0 broad axe.
 31240 | Snake:3  | 31240 ||| PLANNING SHOALS:4
 31240 | Snake:3  | 31240 ||| DROPPING wand of polymorph (2).
 31428 | Shoals:4 | Entered Level 4 of the Shoals
 31428 | Shoals:4 | Found Xeilie Gion's Distillery.
 31440 | Shoals:4 | 31440 ||| BUYING 2 potions of cancellation (208 gold).
 31440 | Shoals:4 | Bought 2 potions of cancellation for 208 gold pieces
 31440 | Shoals:4 | 31440 ||| BUYING potion of curing (39 gold).
 31440 | Shoals:4 | Bought a potion of curing for 39 gold pieces
 31440 | Shoals:4 | 31440 ||| BUYING potion of curing (39 gold).
 31440 | Shoals:4 | Bought a potion of curing for 39 gold pieces
 31440 | Shoals:4 | 31440 ||| BUYING potion of curing (39 gold).
 31440 | Shoals:4 | Bought a potion of curing for 39 gold pieces
 31440 | Shoals:4 | 31440 ||| BUYING potion of might (52 gold).
 31440 | Shoals:4 | Bought a potion of might for 52 gold pieces
 31440 | Shoals:4 | 31440 ||| SHOPLISTING potion of mutation (104 gold, have
                  | 40).
 31445 | Shoals:4 | 31445 ||| INVOKING Heroism.
 31537 | Shoals:4 | 31537 ||| INVOKING Heroism.
 31538 | Shoals:4 | Noticed Ilsuiw
 31572 | Shoals:4 | Killed Ilsuiw
 31572 | Shoals:4 | Received a gift from Okawaru
 31593 | Shoals:4 | 31593 ||| Stepping ~*~*~tactically~*~*~ (stealth).
 31593 | Shoals:4 | Identified the +1 war axe "Tohif" {flame, Contam +Blink
                  | rElec MP+9}
 31594 | Shoals:4 | 31594 ||| Stepping ~*~*~tactically~*~*~ (stealth).
 31600 | Shoals:4 | 31600 ||| Stepping ~*~*~tactically~*~*~ (stealth).
 31602 | Shoals:4 | 31602 ||| Stepping ~*~*~tactically~*~*~ (stealth).
 31604 | Shoals:4 | 31604 ||| Stepping ~*~*~tactically~*~*~ (stealth).
 31605 | Shoals:4 | 31605 ||| Stepping ~*~*~tactically~*~*~ (stealth).
 31626 | Shoals:4 | 31626 ||| INVOKING Heroism.
 31657 | Shoals:4 | 31657 ||| INVOKING Heroism.
 31668 | Shoals:4 | 31668 ||| Stepping ~*~*~tactically~*~*~ (stealth).
 31669 | Shoals:4 | 31669 ||| Stepping ~*~*~tactically~*~*~ (stealth).
 31696 | Shoals:4 | Reached skill level 15 in Fighting
 31770 | Shoals:4 | 31770 ||| INVOKING Heroism.
 31779 | Shoals:4 | 31779 ||| Stepping ~*~*~tactically~*~*~ (hiding).
 31884 | Shoals:4 | 31884 ||| Stepping ~*~*~tactically~*~*~ (stealth).
 31886 | Shoals:4 | 31886 ||| INVOKING Heroism.
 31927 | Shoals:4 | 31927 ||| Stepping ~*~*~tactically~*~*~ (stealth).
 31954 | Shoals:4 | 31954 ||| Stepping ~*~*~tactically~*~*~ (stealth).
 31955 | Shoals:4 | 31955 ||| Stepping ~*~*~tactically~*~*~ (stealth).
 32003 | Shoals:4 | 32003 ||| INVOKING Heroism.
 32084 | Shoals:4 | 32084 ||| INVOKING Heroism.
 32269 | Shoals:4 | 32269 ||| Stepping ~*~*~tactically~*~*~ (stealth).
 32290 | Shoals:4 | 32290 ||| Stepping ~*~*~tactically~*~*~ (hiding).
 32291 | Shoals:4 | 32291 ||| Stepping ~*~*~tactically~*~*~ (hiding).
 32391 | Shoals:4 | Found Jusir's CLEARANCE SALE!.
 32403 | Shoals:4 | 32403 ||| SHOPLISTING amulet of regeneration (180 gold,
                  | have 69).
 32499 | Shoals:4 | 32499 ||| INVOKING Heroism.
 32844 | Shoals:4 | 32844 ||| Stepping ~*~*~tactically~*~*~ (hiding).
 32846 | Shoals:4 | 32846 ||| Stepping ~*~*~tactically~*~*~ (hiding).
 32908 | Shoals:4 | Identified the staff of earth "Sisaepud" {Int+3}
 32938 | Shoals:4 | 32938 ||| Stepping ~*~*~tactically~*~*~ (stealth).
 32994 | Shoals:4 | 32994 ||| INVOKING Heroism.
 32995 | Shoals:4 | 32995 ||| INVOKING Finesse.
 33081 | Shoals:4 | 33081 ||| Stepping ~*~*~tactically~*~*~ (hiding).
 33240 | Shoals:4 | Got a barnacled rune of Zot
 33257 | Shoals:4 | Found the dreamshard necklace {*Dream Drain}
 33258 | Shoals:4 | 33258 ||| Stepping ~*~*~tactically~*~*~ (stealth).
 33260 | Shoals:4 | 33260 ||| INVOKING Heroism.
 33299 | Shoals:4 | 33299 ||| PLANNING VAULTS:1-4
 33512 | Vaults:1 | Entered Level 1 of the Vaults
 33556 | Vaults:1 | 33556 ||| Stepping ~*~*~tactically~*~*~ (hiding).
 33561 | Vaults:1 | Received a gift from Okawaru
 33562 | Vaults:1 | 33562 ||| Stepping ~*~*~tactically~*~*~ (hiding).
 33568 | Vaults:1 | 33568 ||| Stepping ~*~*~tactically~*~*~ (hiding).
 33616 | Vaults:1 | 33616 ||| Stepping ~*~*~tactically~*~*~ (hiding).
 33624 | Vaults:1 | Reached skill level 9 in Throwing
 33654 | Vaults:1 | 33654 ||| Stepping ~*~*~tactically~*~*~ (stealth).
 33656 | Vaults:1 | 33656 ||| Stepping ~*~*~tactically~*~*~ (stealth).
 33657 | Vaults:1 | 33657 ||| INVOKING Heroism.
 33665 | Vaults:1 | 33665 ||| Stepping ~*~*~tactically~*~*~ (hiding).
 33849 | Vaults:1 | Received a gift from Okawaru
 34193 | Vaults:1 | Reached skill level 9 in Dodging
 34389 | Vaults:1 | 34389 ||| Stepping ~*~*~tactically~*~*~ (hiding).
 34394 | Vaults:1 | 34394 ||| Stepping ~*~*~tactically~*~*~ (stealth).
 34403 | Vaults:1 | 34403 ||| Stepping ~*~*~tactically~*~*~ (hiding).
 34410 | Vaults:1 | Received a gift from Okawaru
 34411 | Vaults:1 | Reached skill level 15 in Shields
 34417 | Vaults:1 | Reached XP level 19. HP: 112/124 MP: 26/26
 34645 | Vaults:1 | 34645 ||| Stepping ~*~*~tactically~*~*~ (stealth).
 34671 | Vaults:1 | 34671 ||| Stepping ~*~*~tactically~*~*~ (stealth).
 34683 | Vaults:1 | 34683 ||| Stepping ~*~*~tactically~*~*~ (stealth).
 34783 | Vaults:1 | 34783 ||| Stepping ~*~*~tactically~*~*~ (hiding).
 34788 | Vaults:1 | 34788 ||| Stepping ~*~*~tactically~*~*~ (hiding).
 34790 | Vaults:1 | 34790 ||| Stepping ~*~*~tactically~*~*~ (hiding).
 34829 | Vaults:1 | 34829 ||| Stepping ~*~*~tactically~*~*~ (hiding).
 34830 | Vaults:1 | 34830 ||| Stepping ~*~*~tactically~*~*~ (hiding).
 34831 | Vaults:1 | 34831 ||| Stepping ~*~*~tactically~*~*~ (hiding).
 34909 | Vaults:1 | 34909 ||| INVOKING Heroism.
 34910 | Vaults:1 | 34910 ||| INVOKING Finesse.
 34924 | Vaults:1 | 34924 ||| Stepping ~*~*~tactically~*~*~ (hiding).
 34925 | Vaults:1 | 34925 ||| Stepping ~*~*~tactically~*~*~ (hiding).
 34926 | Vaults:1 | 34926 ||| Stepping ~*~*~tactically~*~*~ (hiding).
 34927 | Vaults:1 | 34927 ||| Stepping ~*~*~tactically~*~*~ (hiding).
 34928 | Vaults:1 | 34928 ||| Stepping ~*~*~tactically~*~*~ (hiding).
 34929 | Vaults:1 | 34929 ||| Stepping ~*~*~tactically~*~*~ (hiding).
 35013 | Vaults:1 | Received a gift from Okawaru
 35016 | Vaults:1 | 35016 ||| INVOKING Finesse.
 35357 | Vaults:1 | Received a gift from Okawaru
 35362 | Vaults:1 | 35362 ||| DROPPING +0 ring mail of the Armoured One {rF+++
                  | MP+9 Str+3 Int-4}.
 35378 | Vaults:2 | You are sucked into a shaft and drop 1 floor!
 35396 | Vaults:3 | 35396 ||| INVOKING Finesse.
 35402 | Vaults:3 | Reached skill level 15 in Armour
 35524 | Vaults:3 | 35524 ||| INVOKING Heroism.
 35617 | Vaults:3 | Received a gift from Okawaru
 35976 | Vaults:3 | 35976 ||| Stepping ~*~*~tactically~*~*~ (stealth).
 35977 | Vaults:3 | 35977 ||| Stepping ~*~*~tactically~*~*~ (stealth).
 36083 | Vaults:2 | Received a gift from Okawaru
 36084 | Vaults:2 | 36084 ||| INVOKING Heroism.
 36351 | Vaults:2 | 36351 ||| Stepping ~*~*~tactically~*~*~ (hiding).
 36355 | Vaults:2 | 36355 ||| INVOKING Heroism.
 36356 | Vaults:2 | 36356 ||| INVOKING Finesse.
 36366 | Vaults:2 | 36366 ||| Stepping ~*~*~tactically~*~*~ (hiding).
 36366 | Vaults:2 | Noticed Xtahua
 36367 | Vaults:2 | 36367 ||| Stepping ~*~*~tactically~*~*~ (hiding).
 36369 | Vaults:2 | 36369 ||| DRINKING 3 potions of resistance.
 36384 | Vaults:2 | Killed Xtahua
 36397 | Vaults:2 | 36397 ||| Stepping ~*~*~tactically~*~*~ (hiding).
 36403 | Vaults:2 | 36403 ||| Stepping ~*~*~tactically~*~*~ (hiding).
 36406 | Vaults:2 | 36406 ||| Stepping ~*~*~tactically~*~*~ (hiding).
 36410 | Vaults:2 | 36410 ||| Stepping ~*~*~tactically~*~*~ (hiding).
 36420 | Vaults:2 | Reached skill level 16 in Shields
 36723 | Vaults:2 | Found a staircase to the Crypt.
 36886 | Vaults:2 | 36886 ||| Stepping ~*~*~tactically~*~*~ (hiding).
 36900 | Vaults:2 | Reached XP level 20. HP: 134/134 MP: 27/27
 37003 | Vaults:2 | Received a gift from Okawaru
 37300 | Vaults:2 | 37300 ||| Stepping ~*~*~tactically~*~*~ (hiding).
 37396 | Vaults:2 | 37396 ||| UPGRADING to +0 tower shield.
 37406 | Vaults:2 | 37406 ||| DROPPING +2 kite shield "Ytietran" {rElec Int-4
                  | Dex+7 Stlth+}.
 37434 | Vaults:3 | Received a gift from Okawaru
 37552 | Vaults:3 | 37552 ||| DRINKING potion of experience.
 37552 | Vaults:3 | Reached skill level 17 in Shields
 37552 | Vaults:3 | Reached XP level 21. HP: 139/139 MP: 28/28
 37718 | Vaults:3 | 37718 ||| Stepping ~*~*~tactically~*~*~ (hiding).
 37719 | Vaults:3 | 37719 ||| Stepping ~*~*~tactically~*~*~ (hiding).
 37721 | Vaults:3 | 37721 ||| Stepping ~*~*~tactically~*~*~ (hiding).
 37777 | Vaults:3 | Found a runed translucent door.
 37777 | Vaults:3 | Noticed Yjimoseergh's ghost (adept SpFE)
 37795 | Vaults:3 | 37795 ||| Stepping ~*~*~tactically~*~*~ (hiding).
 38074 | Vaults:3 | Received a gift from Okawaru
 38363 | Vaults:4 | 38363 ||| PLANNING WIZLAB
 38396 | Vaults:4 | 38396 ||| Stepping ~*~*~tactically~*~*~ (hiding).
 38403 | Vaults:4 | 38403 ||| Stepping ~*~*~tactically~*~*~ (hiding).
 38418 | Vaults:4 | 38418 ||| INVOKING Finesse.
 38438 | Vaults:4 | Reached skill level 18 in Shields
 38678 | Vaults:4 | 38678 ||| Stepping ~*~*~tactically~*~*~ (stealth).
 39038 | Vaults:4 | Found a magical portal.
 39039 | Vaults:4 | 39039 ||| READING scroll labelled SENGYU DOYNT.
 39116 | WizLab   | Entered Alistair's Party Mansion
 39119 | WizLab   | 39119 ||| Stepping ~*~*~tactically~*~*~ (stealth).
 39151 | WizLab   | 39151 ||| Stepping ~*~*~tactically~*~*~ (hiding).
 39152 | WizLab   | 39152 ||| Stepping ~*~*~tactically~*~*~ (hiding).
 39266 | WizLab   | 39266 ||| INVOKING Heroism.
 39336 | WizLab   | Reached skill level 19 in Shields
 39368 | WizLab   | 39368 ||| DRINKING 12 potions of curing.
 39368 | WizLab   | 39368 ||| (to cure confusion)
 39376 | WizLab   | 39376 ||| DRINKING 11 potions of curing.
 39376 | WizLab   | 39376 ||| (to cure confusion)
 39407 | WizLab   | 39407 ||| INVOKING Heroism.
 39454 | WizLab   | 39454 ||| Stepping ~*~*~tactically~*~*~ (stealth).
 39485 | WizLab   | 39485 ||| Stepping ~*~*~tactically~*~*~ (hiding).
 39489 | WizLab   | 39489 ||| INVOKING Heroism.
 39503 | WizLab   | 39503 ||| Stepping ~*~*~tactically~*~*~ (stealth).
 39522 | WizLab   | 39522 ||| READING 15 scrolls of teleportation.
 39522 | WizLab   | HP: 30/139 [acid blob[a demonspawn corrupter] (6)]
 39522 | WizLab   | HP: 14/139 [demonspawn corrupter/+0 glaive (10)]
 39523 | WizLab   | 39523 ||| DRINKING 7 potions of heal wounds.
 39524 | WizLab   | 39524 ||| DRINKING 6 potions of heal wounds.
 39524 | WizLab   | HP: 2/139 [acid blob[a demonspawn corrupter] (19)]
 39524 | WizLab   | Splashed by an acid blob's acid

Levels and vault maps discovered:
D:1:      minmay_arrival_arboretum_large, layout_rooms
D:2:      minmay_razor_zed, layout_loops_ring, serial_shops, shop,
          shapermc_ecumenical_altar_mp_vishouse, guppyfry_early_orc_mine
D:3:      layout_basic, nicolae_overflow_squiral, overflow_temple_1_default
D:4:      layout_loops_ring, mainiacjoe_overflow_brackets, serial_shops, shop,
          shop, nicolae_shop_tiny_statue_garden, shop, uniq_ijyb, uniq_eustachio
D:5:      layout_loops_cross
D:6:      layout_basic, mainiacjoe_overflow_tiny_flanked
D:7:      layout_gridville, minmay_temple_entry_overgrown, uniq_duvessa
D:8:      layout_loops_ring, uniq_pikel
D:9:      layout_loops_cross, hangedman_ru_absence, kennysheep_mini,
          minmay_holes, uniq_prince_ribbit1
D:10:     layout_long_grid, serial_rivers, chequers_serial_rivers_room_a,
          chequers_serial_rivers_micro_a, chequers_serial_rivers_room_a,
          chequers_serial_rivers_large_a, chequers_serial_rivers_room_a,
          minivault_12
D:11:     layout_rooms, dpeg_oklobed_lair, special_room [special_room_orc],
          lightli_church_of_beogh, uniq_snorg, uniq_grum
D:12:     layout_cave_pools, orc_0_dummy, serial_park_tiny_2
D:13:     layout_loops_corners, uniq_erolcha, uniq_frances
D:14:     layout_basic, grunt_vaults_entry_fortified, serial_shops, shop,
          nicolae_shop_scrapyard, nicolae_shop_real_fake_doors,
          nicolae_shop_back_alley_shop
D:15:     grunt_enter_depths_hoard, layout_loops_ring, uniq_kirke, uniq_jorgrun
Lair:1:   layout_loops_ring, serial_forest, infiniplex_forest_3_way,
          infiniplex_forest_straight_4, infiniplex_forest_clump_small,
          infiniplex_forest_lined_3, infiniplex_forest_straight_4,
          infiniplex_forest_end_2, infiniplex_forest_corner_2,
          infiniplex_forest_zigzag_1, infiniplex_forest_clump_curved
Lair:2:   layout_hall_layers, grunt_megastairs_5, serial_bayou_shore_b,
          serial_bayou_shore_b, serial_bayou_shore_a, uniq_fannar, uniq_urug
Lair:3:   layout_chaotic_city, minmay_shoals_entry_beasts,
          minmay_snake_entry_guardpost_small, serial_bayou_pond_e
Lair:4:   layout_cave_pods, small_statue_intersection,
          nicolae_quartered_pool_little
Lair:5:   gammafunk_lair_ancient_temple, layout_gridlike,
          nicolae_slime_entry_slimehenge
Shoals:1: layout_shoals, serial_shops, nicolae_shop_tiny_real_fake_doors,
          nicolae_shoals_beach_cooler
Shoals:2: layout_shoals, gammafunk_ghost_arena, uniq_polyphemus
Shoals:3: layout_shoals, serial_shops, nicolae_shop_tiny_real_fake_doors
Shoals:4: shoals_end_simple, layout_shoals, shoals_ilsuiw_ice, serial_shops,
          shop, nicolae_shop_clearance
Snake:1:  layout_concentric_octagons
Snake:2:  layout_misc_corridors, special_room, nicolae_snake_omega
Snake:3:  layout_onion, serial_shops, shop, nicolae_snake_storage_room,
          serial_bayou_shore_b, lemuel_fruit_tree, nicolae_triple_integral,
          serial_bayou_shore_b, uniq_aizul
Orc:1:    layout_caves, uniq_sonja
Orc:2:    st_orc_elflike, layout_caves, gammafunk_ghost_necromancy,
          serial_shops, nicolae_shop_rolling_square, mines2_david
Vaults:1: vaults_room_ringed_pool, nicolae_vaults_shipping_containers_7,
          hangedman_vaults_corner_blocks, v_rooms_1,
          nicolae_vaults_tetromino_L_1, v_misc_24, nicolae_vaults_gold_heap,
          v_pattern_3, nicolae_vaults_doubleplus_tesselated,
          nicolae_vaults_network_star, v_misc_12,
          nicolae_vaults_storage_closets_2, ontoclasm_vaults_pinch,
          layout_vaults_ring
Vaults:2: nicolae_vaults_alarming, nicolae_vaults_two_Ls,
          vaults_room_stairs_pillars, nicolae_vaults_little_ls,
          nicolae_vaults_big_angled_halls, ontoclasm_vaults_decontamination,
          minmay_crypt_entry_vampire_xt, nicolae_vaults_trapezoid_4,
          nicolae_vaults_octothorpe, nicolae_vaults_know_your_exits,
          grunt_vaults_hallway_short, v_misc_17,
          nicolae_vaults_frosty_reception, nicolae_vaults_variable_pillar_hall,
          nicolae_vaults_house_2, layout_vaults_omnibox, uniq_xtahua
Vaults:3: gammafunk_ghost_grave, grunt_vaults_trifunnel, v_misc_33, v_misc_12,
          v_misc_31, nicolae_vaults_closet_pinwheel_6,
          nicolae_vaults_sesquioval_fish, grunt_vaults_focal, vaults_dpeg_hooks,
          layout_vaults_big_room
Vaults:4: mu_enter_wizlab_6, nicolae_vaults_twisting_passages,
          hangedman_vaults_nails, vaults_room_octagon, st_lines,
          nicolae_vaults_big_angled_halls, hangedman_vaults_trim,
          nicolae_vaults_closet_pinwheel_3, nicolae_vaults_storage_closets_3,
          nicolae_vaults_more_shelving_2, nicolae_vaults_octothorpe,
          nicolae_vaults_double_plus_1, nicolae_vaults_tetromino_T_1,
          nicolae_vaults_trapezoid_4, nicolae_vaults_shelves_hall,
          nicolae_vaults_diamond_1, layout_vaults_maze
WizLab:   wizlab_alistair

Skill      XL: |  1  2  3  4  5  6  7  8  9 10 11 12 13 14 15 16 17 18 19 20 21 |
---------------+----------------------------------------------------------------+-----
Axes           | 3 4 5 6 8 10 11 12 13 14 15 16 17 18 | 18.0
Armour         | 1 2 3 4 6 7 8 9 10 11 12 14 15 16 | 16.0
Throwing       | 1 2 3 4 5 6 7 8 9 |  9.1
Fighting       | 4 6 7 8 9 10 11 12 13 14 15 17 | 17.1
Dodging        | 1 2 3 4 6 7 9 |  9.0
Shields        | 5 6 7 12 13 14 15 16 17 19 | 19.3
Invocations    | 4 8 10 | 10.0
Spellcasting   | |  1.0
Fire Magic     | |  3.0

Action                     |  1- 3 |  4- 6 |  7- 9 | 10-12 | 13-15 | 16-18 | 19-21 || total
---------------------------+-------+-------+-------+-------+-------+-------+-------++-------
  Melee: Hand axe          |    95 |   118 |       |       |    21 |       |       ||   234
         Punch             |     1 |     1 |     2 |       |       |       |       ||     4
         War axe           |       |    59 |   201 |   499 |   711 |    16 |       ||  1486
         Unarmed           |       |       |       |       |     6 |       |       ||     6
         Broad axe         |       |       |       |       |       |  1246 |   617 ||  1863
  Throw: Javelin           |       |     7 |    16 |    22 |   164 |    84 |   101 ||   394
         Boomerang         |       |       |    18 |    54 |    68 |    62 |     5 ||   207
 Invoke: Fiery Armour      |     2 |     2 |     6 |     3 |       |       |       ||    13
         Heroism           |       |       |       |    14 |    30 |    35 |     7 ||    86
         Finesse           |       |       |       |       |     3 |     3 |     5 ||    11
    Use: Scroll            |     4 |    12 |     2 |    11 |     7 |     6 |     2 ||    44
         Potion            |     1 |     3 |     5 |     6 |     4 |     3 |     6 ||    28
   Stab: Invisible         |       |       |       |       |       |    32 |     2 ||    34
 Armour: Robe              |    11 |       |       |       |       |       |       ||    11
         Scale mail        |    30 |    29 |       |       |       |       |       ||    59
         Chain mail        |       |    55 |   106 |       |       |       |       ||   161
         Plate armour      |       |       |    55 |   345 |   342 |   390 |   137 ||  1269
  Dodge: Dodged            |    43 |    72 |   100 |   213 |   248 |   513 |   135 ||  1324
  Block: Buckler           |       |       |       |   119 |   119 |       |       ||   238
         Kite shield       |       |       |       |       |   188 |   884 |   166 ||  1238
         Tower shield      |       |       |       |       |       |       |   112 ||   112

Table legend:
 A = Non-vault XP
 B = Vault XP
 C = Vault XP percentage of total XP
 D = Non-vault monster count
 E = Vault monster count
 F = Vault count percentage of total count
                 A         B        C        D         E       F
            +---------+---------+-------+---------+---------+-------
      Total |  278724 |  181220 |  39.4 |     876 |     358 |  29.0
            +---------+---------+-------+---------+---------+-------
        D:1 |      34 |       0 |   0.0 |      19 |       0 |   0.0
        D:2 |      33 |      48 |  59.3 |      15 |      18 |  54.5
        D:3 |     125 |       0 |   0.0 |      18 |       0 |   0.0
        D:4 |     348 |     237 |  40.5 |      14 |       2 |  12.5
        D:5 |     640 |       0 |   0.0 |      20 |       0 |   0.0
        D:6 |    1384 |       0 |   0.0 |      28 |       0 |   0.0
        D:7 |    1055 |     205 |  16.3 |      32 |       2 |   5.9
        D:8 |    2625 |     629 |  19.3 |      27 |       1 |   3.6
        D:9 |    3945 |     259 |   6.2 |      31 |       1 |   3.1
       D:10 |    3503 |     231 |   6.2 |      22 |       2 |   8.3
       D:11 |    1976 |    2996 |  60.3 |      20 |      30 |  60.0
       D:12 |    5941 |       0 |   0.0 |      23 |       0 |   0.0
       D:13 |    1376 |    2413 |  63.7 |       4 |       2 |  33.3
       D:14 |    9108 |    5443 |  37.4 |      18 |       9 |  33.3
       D:15 |   10393 |    5791 |  35.8 |      18 |       7 |  28.0
     Lair:1 |    1480 |       0 |   0.0 |       9 |       0 |   0.0
     Lair:2 |    8545 |    2151 |  20.1 |      29 |       6 |  17.1
     Lair:3 |    7251 |    1306 |  15.3 |      31 |       5 |  13.9
     Lair:4 |   10121 |    1792 |  15.0 |      32 |       4 |  11.1
     Lair:5 |   15208 |    9053 |  37.3 |      49 |      27 |  35.5
   Shoals:1 |   14986 |       0 |   0.0 |      32 |       0 |   0.0
   Shoals:2 |   23635 |    4928 |  17.3 |      46 |       5 |   9.8
   Shoals:3 |   12690 |       0 |   0.0 |      26 |       0 |   0.0
   Shoals:4 |   18345 |   26967 |  59.5 |      40 |      48 |  54.5
    Snake:1 |   11760 |       0 |   0.0 |      30 |       0 |   0.0
    Snake:2 |   14898 |    4951 |  24.9 |      25 |      10 |  28.6
    Snake:3 |   17656 |   15644 |  47.0 |      37 |      27 |  42.2
      Orc:1 |    1636 |     776 |  32.2 |      32 |       1 |   3.0
      Orc:2 |    1977 |    8256 |  80.7 |      26 |      31 |  54.4
   Vaults:1 |   29611 |   20219 |  40.6 |      51 |      29 |  36.2
   Vaults:2 |   30441 |   11003 |  26.5 |      42 |      12 |  22.2
   Vaults:3 |    9228 |   22324 |  70.8 |      17 |      28 |  62.2
   Vaults:4 |    6770 |   15196 |  69.2 |      13 |      25 |  65.8
     WizLab |       0 |   18402 | 100.0 |       0 |      26 | 100.0
            +---------+---------+-------+---------+---------+-------
